Workbook

Sheet Dashboard
A1: Backhaul Planning Dashboard
A2: Manual planning view for return-load coverage, empty-mile reduction, and estimated contribution
A3: As of: | B3: =TODAY()
A5: Total Outbound Trips | E5: Booked or Completed Backhauls | I5: Backhaul Coverage | M5: Open Trips
A6: =COUNTA('Planner'!$A$6:$A$205) | E6: =COUNTIF('Planner'!$O$6:$O$205,"Booked")+COUNTIF('Planner'!$O$6:$O$205,"Completed") | I6: =IFERROR((COUNTIF('Planner'!$O$6:$O$205,"Booked")+COUNTIF('Planner'!$O$6:$O$205,"Completed"))/COUNTA('Planner'!$A$6:$A$205),0) | M6: =COUNTIF('Planner'!$O$6:$O$205,"Searching")+COUNTIF('Planner'!$O$6:$O$205,"Tentative")
A8: Booked/Completed Gross Revenue | E8: Booked/Completed Estimated Net Contribution | I8: Booked/Completed Empty Miles Avoided | M8: Booked/Completed Estimated Fuel Gallons
A9: =SUMIFS('Planner'!$AC$6:$AC$205,'Planner'!$O$6:$O$205,"Booked")+SUMIFS('Planner'!$AC$6:$AC$205,'Planner'!$O$6:$O$205,"Completed") | E9: =SUMIFS('Planner'!$AD$6:$AD$205,'Planner'!$O$6:$O$205,"Booked")+SUMIFS('Planner'!$AD$6:$AD$205,'Planner'!$O$6:$O$205,"Completed") | I9: =SUMIFS('Planner'!$AJ$6:$AJ$205,'Planner'!$O$6:$O$205,"Booked")+SUMIFS('Planner'!$AJ$6:$AJ$205,'Planner'!$O$6:$O$205,"Completed") | M9: =SUMIFS('Planner'!$AF$6:$AF$205,'Planner'!$O$6:$O$205,"Booked")+SUMIFS('Planner'!$AF$6:$AF$205,'Planner'!$O$6:$O$205,"Completed")
A11: Trip Status Summary
A12: Trip Plan Status | B12: Trip Count | C12: Gross Revenue | D12: Estimated Net Contribution | E12: Loaded Miles
A13: Searching | B13: =COUNTIF('Planner'!$O$6:$O$205,$A13) | C13: =SUMIF('Planner'!$O$6:$O$205,$A13,'Planner'!$AC$6:$AC$205) | D13: =SUMIF('Planner'!$O$6:$O$205,$A13,'Planner'!$AD$6:$AD$205) | E13: =SUMIF('Planner'!$O$6:$O$205,$A13,'Planner'!$AA$6:$AA$205)
A14: Tentative | B14: =COUNTIF('Planner'!$O$6:$O$205,$A14) | C14: =SUMIF('Planner'!$O$6:$O$205,$A14,'Planner'!$AC$6:$AC$205) | D14: =SUMIF('Planner'!$O$6:$O$205,$A14,'Planner'!$AD$6:$AD$205) | E14: =SUMIF('Planner'!$O$6:$O$205,$A14,'Planner'!$AA$6:$AA$205)
A15: Booked | B15: =COUNTIF('Planner'!$O$6:$O$205,$A15) | C15: =SUMIF('Planner'!$O$6:$O$205,$A15,'Planner'!$AC$6:$AC$205) | D15: =SUMIF('Planner'!$O$6:$O$205,$A15,'Planner'!$AD$6:$AD$205) | E15: =SUMIF('Planner'!$O$6:$O$205,$A15,'Planner'!$AA$6:$AA$205)
A16: Completed | B16: =COUNTIF('Planner'!$O$6:$O$205,$A16) | C16: =SUMIF('Planner'!$O$6:$O$205,$A16,'Planner'!$AC$6:$AC$205) | D16: =SUMIF('Planner'!$O$6:$O$205,$A16,'Planner'!$AD$6:$AD$205) | E16: =SUMIF('Planner'!$O$6:$O$205,$A16,'Planner'!$AA$6:$AA$205)
A17: No Backhaul | B17: =COUNTIF('Planner'!$O$6:$O$205,$A17) | C17: =SUMIF('Planner'!$O$6:$O$205,$A17,'Planner'!$AC$6:$AC$205) | D17: =SUMIF('Planner'!$O$6:$O$205,$A17,'Planner'!$AD$6:$AD$205) | E17: =SUMIF('Planner'!$O$6:$O$205,$A17,'Planner'!$AA$6:$AA$205)
A18: Canceled | B18: =COUNTIF('Planner'!$O$6:$O$205,$A18) | C18: =SUMIF('Planner'!$O$6:$O$205,$A18,'Planner'!$AC$6:$AC$205) | D18: =SUMIF('Planner'!$O$6:$O$205,$A18,'Planner'!$AD$6:$AD$205) | E18: =SUMIF('Planner'!$O$6:$O$205,$A18,'Planner'!$AA$6:$AA$205)
A19: Total | B19: =SUM(B13:B18) | C19: =SUM(C13:C18) | D19: =SUM(D13:D18) | E19: =SUM(E13:E18)
A20: Weighted Revenue per Loaded Mile | B20: =IFERROR((SUMIFS('Planner'!$AC$6:$AC$205,'Planner'!$O$6:$O$205,"Booked")+SUMIFS('Planner'!$AC$6:$AC$205,'Planner'!$O$6:$O$205,"Completed"))/(SUMIFS('Planner'!$AA$6:$AA$205,'Planner'!$O$6:$O$205,"Booked")+SUMIFS('Planner'!$AA$6:$AA$205,'Planner'!$O$6:$O$205,"Completed")),0) | C20: ="" | E20: =""
B21: ="" | C21: ="" | E21: =""
A22: Opportunity Pipeline Summary | B22: ="" | C22: ="" | E22: ="" | F22: Action Checks
A23: Active Opportunities | B23: ="" | C23: ="" | D23: =COUNTIF('Opportunities'!$C$6:$C$205,"New")+COUNTIF('Opportunities'!$C$6:$C$205,"Quoted")+COUNTIF('Opportunities'!$C$6:$C$205,"Hold") | E23: ="" | F23: Booked/Completed Trips Missing a Load | I23: =COUNTIFS('Planner'!$O$6:$O$205,"Booked",'Planner'!$P$6:$P$205,"")+COUNTIFS('Planner'!$O$6:$O$205,"Completed",'Planner'!$P$6:$P$205,"")
A24: Active Potential Gross Revenue | B24: ="" | C24: ="" | D24: =SUMIF('Opportunities'!$C$6:$C$205,"New",'Opportunities'!$Z$6:$Z$205)+SUMIF('Opportunities'!$C$6:$C$205,"Quoted",'Opportunities'!$Z$6:$Z$205)+SUMIF('Opportunities'!$C$6:$C$205,"Hold",'Opportunities'!$Z$6:$Z$205) | E24: ="" | F24: Load Selection Issues | I24: =COUNTIFS('Planner'!$P$6:$P$205,"<>",'Planner'!$AK$6:$AK$205,"<>OK")
A25: Active Potential Net Contribution | B25: ="" | C25: ="" | D25: =SUMIF('Opportunities'!$C$6:$C$205,"New",'Opportunities'!$AJ$6:$AJ$205)+SUMIF('Opportunities'!$C$6:$C$205,"Quoted",'Opportunities'!$AJ$6:$AJ$205)+SUMIF('Opportunities'!$C$6:$C$205,"Hold",'Opportunities'!$AJ$6:$AJ$205) | E25: ="" | F25: Pickup Timing Issues | I25: =COUNTIF('Planner'!$AI$6:$AI$205,"Too tight")+COUNTIF('Planner'!$AI$6:$AI$205,"Long wait")
A26: Active Opportunities Meeting Targets | B26: ="" | C26: ="" | D26: =COUNTIF('Opportunities'!$AL$6:$AL$205,"Meets Targets") | E26: ="" | F26: Booked/Completed Loads Below Contribution Target | I26: =COUNTIFS('Planner'!$O$6:$O$205,"Booked",'Planner'!$AD$6:$AD$205,"<"&'Settings'!$B$9)+COUNTIFS('Planner'!$O$6:$O$205,"Completed",'Planner'!$AD$6:$AD$205,"<"&'Settings'!$B$9)
B27: ="" | C27: ="" | D27: ="" | E27: ="" | F27: Opportunity Data Errors | I27: =COUNTIFS('Opportunities'!$A$6:$A$205,"<>",'Opportunities'!$AM$6:$AM$205,"<>OK")
B28: ="" | C28: ="" | D28: ="" | E28: ="" | F28: Active Quotes Expiring Soon | I28: =COUNTIFS('Opportunities'!$C$6:$C$205,"New",'Opportunities'!$X$6:$X$205,">="&TODAY(),'Opportunities'!$X$6:$X$205,"<="&TODAY()+'Settings'!$B$14)+COUNTIFS('Opportunities'!$C$6:$C$205,"Quoted",'Opportunities'!$X$6:$X$205,">="&TODAY(),'Opportunities'!$X$6:$X$205,"<="&TODAY()+'Settings'!$B$14)+COUNTIFS('Opportunities'!$C$6:$C$205,"Hold",'Opportunities'!$X$6:$X$205,">="&TODAY(),'Opportunities'!$X$6:$X$205,"<="&TODAY()+'Settings'!$B$14)
B29: ="" | C29: ="" | D29: ="" | E29: ="" | I29: =""
B30: ="" | C30: ="" | D30: ="" | E30: ="" | I30: =""
B31: ="" | C31: ="" | D31: ="" | E31: ="" | I31: =""
B32: ="" | C32: ="" | D32: ="" | E32: ="" | I32: =""
B33: ="" | C33: ="" | D33: ="" | E33: ="" | I33: =""
B34: ="" | C34: ="" | D34: ="" | E34: ="" | I34: =""
B35: ="" | C35: ="" | D35: ="" | E35: ="" | I35: =""
B36: ="" | C36: ="" | D36: ="" | E36: ="" | I36: =""
B37: ="" | C37: ="" | D37: ="" | E37: ="" | I37: =""
B38: ="" | C38: ="" | D38: ="" | E38: ="" | I38: =""
B39: ="" | C39: ="" | D39: ="" | E39: ="" | I39: =""
B40: ="" | C40: ="" | D40: ="" | E40: ="" | I40: =""
... B101: ="" | C101: ="" | D101: ="" | E101: ="" | I101: =""

Sheet Planner
A1: Outbound Trip and Backhaul Planner
A2: Enter outbound-trip details in yellow cells, then select a Load ID from the Opportunities sheet. Blue cells are calculated.
A3: Legend | B3: Pale yellow = User input | C3: Pale blue = Calculated | D3: Red or amber = Review required
A5: Trip ID | B5: Truck Number | C5: Driver | D5: Equipment | E5: Outbound Customer | F5: Outbound Destination City | G5: Outbound Destination State | H5: Outbound Delivery Date | I5: Outbound Delivery Time | J5: Available Date | K5: Available Time | L5: Base City | M5: Base State | N5: Baseline Empty Return Miles | O5: Trip Plan Status | P5: Selected Load ID | Q5: Load Status | R5: Broker/Customer | S5: Pickup City | T5: Pickup State | U5: Pickup Date | V5: Pickup Time | W5: Delivery City | X5: Delivery State | Y5: Delivery Date | Z5: Deadhead Miles | AA5: Loaded Miles | AB5: Empty Miles to Base | AC5: Gross Revenue | AD5: Estimated Net Contribution | AE5: Revenue/Loaded Mile | AF5: Estimated Fuel Gallons | AG5: Actual Return Miles | AH5: Pickup Wait Hours | AI5: Pickup Feasibility | AJ5: Empty Miles Avoided | AK5: Selection Check | AL5: Dispatcher Notes
A6: TRP-2501 | B6: 214 | C6: Marcus Reed | D6: Dry Van | E6: Heartland Furnishings | F6: Indianapolis | G6: IN | H6: 46269 | I6: 0.33333333 | J6: 46269 | K6: 0.375 | L6: Columbus | M6: OH | N6: 176 | O6: Completed | P6: BH-1001 | Q6: =IF($A6="","",IF($P6="","",IFERROR(INDEX('Opportunities'!$C$6:$C$205,MATCH($P6,'Opportunities'!$A$6:$A$205,0)),""))) | R6: =IF($A6="","",IF($P6="","",IFERROR(INDEX('Opportunities'!$D$6:$D$205,MATCH($P6,'Opportunities'!$A$6:$A$205,0)),""))) | S6: =IF($A6="","",IF($P6="","",IFERROR(INDEX('Opportunities'!$E$6:$E$205,MATCH($P6,'Opportunities'!$A$6:$A$205,0)),""))) | T6: =IF($A6="","",IF($P6="","",IFERROR(INDEX('Opportunities'!$F$6:$F$205,MATCH($P6,'Opportunities'!$A$6:$A$205,0)),""))) | U6: =IF($A6="","",IF($P6="","",IFERROR(INDEX('Opportunities'!$G$6:$G$205,MATCH($P6,'Opportunities'!$A$6:$A$205,0)),""))) | V6: =IF($A6="","",IF($P6="","",IFERROR(INDEX('Opportunities'!$H$6:$H$205,MATCH($P6,'Opportunities'!$A$6:$A$205,0)),""))) | W6: =IF($A6="","",IF($P6="","",IFERROR(INDEX('Opportunities'!$I$6:$I$205,MATCH($P6,'Opportunities'!$A$6:$A$205,0)),""))) | X6: =IF($A6="","",IF($P6="","",IFERROR(INDEX('Opportunities'!$J$6:$J$205,MATCH($P6,'Opportunities'!$A$6:$A$205,0)),""))) | Y6: =IF($A6="","",IF($P6="","",IFERROR(INDEX('Opportunities'!$K$6:$K$205,MATCH($P6,'Opportunities'!$A$6:$A$205,0)),""))) | Z6: =IF($A6="","",IF($P6="","",IFERROR(INDEX('Opportunities'!$O$6:$O$205,MATCH($P6,'Opportunities'!$A$6:$A$205,0)),""))) | AA6: =IF($A6="","",IF($P6="","",IFERROR(INDEX('Opportunities'!$P$6:$P$205,MATCH($P6,'Opportunities'!$A$6:$A$205,0)),""))) | AB6: =IF($A6="","",IF($P6="","",IFERROR(INDEX('Opportunities'!$Q$6:$Q$205,MATCH($P6,'Opportunities'!$A$6:$A$205,0)),""))) | AC6: =IF($A6="","",IF($P6="","",IFERROR(INDEX('Opportunities'!$Z$6:$Z$205,MATCH($P6,'Opportunities'!$A$6:$A$205,0)),""))) | AD6: =IF($A6="","",IF($P6="","",IFERROR(INDEX('Opportunities'!$AJ$6:$AJ$205,MATCH($P6,'Opportunities'!$A$6:$A$205,0)),""))) | AE6: =IF($A6="","",IF($P6="","",IFERROR(INDEX('Opportunities'!$AA$6:$AA$205,MATCH($P6,'Opportunities'!$A$6:$A$205,0)),""))) | AF6: =IF($A6="","",IF($P6="","",IFERROR(INDEX('Opportunities'!$AF$6:$AF$205,MATCH($P6,'Opportunities'!$A$6:$A$205,0)),""))) | AG6: =IF($A6="","",IF($P6="","",IFERROR(INDEX('Opportunities'!$AB$6:$AB$205,MATCH($P6,'Opportunities'!$A$6:$A$205,0)),""))) | AH6: =IF($A6="","",IF($P6="","",IFERROR(($U6+$V6-$J6-$K6)*24,0))) | AI6: =IF($A6="","",IF($P6="","No load selected",IF($AH6<IFERROR($Z6/'Settings'!$B$11,0)+'Settings'!$B$12,"Too tight",IF($AH6>'Settings'!$B$13,"Long wait","Feasible")))) | AJ6: =IF($A6="","",IF($P6="","",$N6-$Z6-$AB6)) | AK6: =IF($A6="","",IF(COUNTIF($A$6:$A$205,$A6)>1,"Duplicate Trip ID",IF($P6="","Open",IF(COUNTIF('Opportunities'!$A$6:$A$205,$P6)=0,"Load ID not found",IF(COUNTIFS('Opportunities'!$A$6:$A$205,$P6,'Opportunities'!$B$6:$B$205,$A6)=0,"Trip mismatch",IF(COUNTIF($P$6:$P$205,$P6)>1,"Duplicate selection",IF(AND(OR($O6="Booked",$O6="Completed"),AND($Q6<>"Booked",$Q6<>"Completed")),"Status mismatch","OK"))))))) | AL6: POD received; backhaul completed.
A7: TRP-2502 | B7: 318 | C7: Elena Torres | D7: Reefer | E7: Freshway Foods | F7: Nashville | G7: TN | H7: 46273 | I7: 0.3125 | J7: 46273 | K7: 0.375 | L7: Louisville | M7: KY | N7: 175 | O7: Booked | P7: BH-1002 | Q7: =IF($A7="","",IF($P7="","",IFERROR(INDEX('Opportunities'!$C$6:$C$205,MATCH($P7,'Opportunities'!$A$6:$A$205,0)),""))) | R7: =IF($A7="","",IF($P7="","",IFERROR(INDEX('Opportunities'!$D$6:$D$205,MATCH($P7,'Opportunities'!$A$6:$A$205,0)),""))) | S7: =IF($A7="","",IF($P7="","",IFERROR(INDEX('Opportunities'!$E$6:$E$205,MATCH($P7,'Opportunities'!$A$6:$A$205,0)),""))) | T7: =IF($A7="","",IF($P7="","",IFERROR(INDEX('Opportunities'!$F$6:$F$205,MATCH($P7,'Opportunities'!$A$6:$A$205,0)),""))) | U7: =IF($A7="","",IF($P7="","",IFERROR(INDEX('Opportunities'!$G$6:$G$205,MATCH($P7,'Opportunities'!$A$6:$A$205,0)),""))) | V7: =IF($A7="","",IF($P7="","",IFERROR(INDEX('Opportunities'!$H$6:$H$205,MATCH($P7,'Opportunities'!$A$6:$A$205,0)),""))) | W7: =IF($A7="","",IF($P7="","",IFERROR(INDEX('Opportunities'!$I$6:$I$205,MATCH($P7,'Opportunities'!$A$6:$A$205,0)),""))) | X7: =IF($A7="","",IF($P7="","",IFERROR(INDEX('Opportunities'!$J$6:$J$205,MATCH($P7,'Opportunities'!$A$6:$A$205,0)),""))) | Y7: =IF($A7="","",IF($P7="","",IFERROR(INDEX('Opportunities'!$K$6:$K$205,MATCH($P7,'Opportunities'!$A$6:$A$205,0)),""))) | Z7: =IF($A7="","",IF($P7="","",IFERROR(INDEX('Opportunities'!$O$6:$O$205,MATCH($P7,'Opportunities'!$A$6:$A$205,0)),""))) | AA7: =IF($A7="","",IF($P7="","",IFERROR(INDEX('Opportunities'!$P$6:$P$205,MATCH($P7,'Opportunities'!$A$6:$A$205,0)),""))) | AB7: =IF($A7="","",IF($P7="","",IFERROR(INDEX('Opportunities'!$Q$6:$Q$205,MATCH($P7,'Opportunities'!$A$6:$A$205,0)),""))) | AC7: =IF($A7="","",IF($P7="","",IFERROR(INDEX('Opportunities'!$Z$6:$Z$205,MATCH($P7,'Opportunities'!$A$6:$A$205,0)),""))) | AD7: =IF($A7="","",IF($P7="","",IFERROR(INDEX('Opportunities'!$AJ$6:$AJ$205,MATCH($P7,'Opportunities'!$A$6:$A$205,0)),""))) | AE7: =IF($A7="","",IF($P7="","",IFERROR(INDEX('Opportunities'!$AA$6:$AA$205,MATCH($P7,'Opportunities'!$A$6:$A$205,0)),""))) | AF7: =IF($A7="","",IF($P7="","",IFERROR(INDEX('Opportunities'!$AF$6:$AF$205,MATCH($P7,'Opportunities'!$A$6:$A$205,0)),""))) | AG7: =IF($A7="","",IF($P7="","",IFERROR(INDEX('Opportunities'!$AB$6:$AB$205,MATCH($P7,'Opportunities'!$A$6:$A$205,0)),""))) | AH7: =IF($A7="","",IF($P7="","",IFERROR(($U7+$V7-$J7-$K7)*24,0))) | AI7: =IF($A7="","",IF($P7="","No load selected",IF($AH7<IFERROR($Z7/'Settings'!$B$11,0)+'Settings'!$B$12,"Too tight",IF($AH7>'Settings'!$B$13,"Long wait","Feasible")))) | AJ7: =IF($A7="","",IF($P7="","",$N7-$Z7-$AB7)) | AK7: =IF($A7="","",IF(COUNTIF($A$6:$A$205,$A7)>1,"Duplicate Trip ID",IF($P7="","Open",IF(COUNTIF('Opportunities'!$A$6:$A$205,$P7)=0,"Load ID not found",IF(COUNTIFS('Opportunities'!$A$6:$A$205,$P7,'Opportunities'!$B$6:$B$205,$A7)=0,"Trip mismatch",IF(COUNTIF($P$6:$P$205,$P7)>1,"Duplicate selection",IF(AND(OR($O7="Booked",$O7="Completed"),AND($Q7<>"Booked",$Q7<>"Completed")),"Status mismatch","OK"))))))) | AL7: Confirm reefer temperature before pickup.
A8: TRP-2503 | B8: 227 | C8: Jamal Brooks | D8: Dry Van | E8: Northstar Retail | F8: Chicago | G8: IL | H8: 46274 | I8: 0.35416667 | J8: 46274 | K8: 0.41666667 | L8: Grand Rapids | M8: MI | N8: 179 | O8: Tentative | P8: BH-1003 | Q8: =IF($A8="","",IF($P8="","",IFERROR(INDEX('Opportunities'!$C$6:$C$205,MATCH($P8,'Opportunities'!$A$6:$A$205,0)),""))) | R8: =IF($A8="","",IF($P8="","",IFERROR(INDEX('Opportunities'!$D$6:$D$205,MATCH($P8,'Opportunities'!$A$6:$A$205,0)),""))) | S8: =IF($A8="","",IF($P8="","",IFERROR(INDEX('Opportunities'!$E$6:$E$205,MATCH($P8,'Opportunities'!$A$6:$A$205,0)),""))) | T8: =IF($A8="","",IF($P8="","",IFERROR(INDEX('Opportunities'!$F$6:$F$205,MATCH($P8,'Opportunities'!$A$6:$A$205,0)),""))) | U8: =IF($A8="","",IF($P8="","",IFERROR(INDEX('Opportunities'!$G$6:$G$205,MATCH($P8,'Opportunities'!$A$6:$A$205,0)),""))) | V8: =IF($A8="","",IF($P8="","",IFERROR(INDEX('Opportunities'!$H$6:$H$205,MATCH($P8,'Opportunities'!$A$6:$A$205,0)),""))) | W8: =IF($A8="","",IF($P8="","",IFERROR(INDEX('Opportunities'!$I$6:$I$205,MATCH($P8,'Opportunities'!$A$6:$A$205,0)),""))) | X8: =IF($A8="","",IF($P8="","",IFERROR(INDEX('Opportunities'!$J$6:$J$205,MATCH($P8,'Opportunities'!$A$6:$A$205,0)),""))) | Y8: =IF($A8="","",IF($P8="","",IFERROR(INDEX('Opportunities'!$K$6:$K$205,MATCH($P8,'Opportunities'!$A$6:$A$205,0)),""))) | Z8: =IF($A8="","",IF($P8="","",IFERROR(INDEX('Opportunities'!$O$6:$O$205,MATCH($P8,'Opportunities'!$A$6:$A$205,0)),""))) | AA8: =IF($A8="","",IF($P8="","",IFERROR(INDEX('Opportunities'!$P$6:$P$205,MATCH($P8,'Opportunities'!$A$6:$A$205,0)),""))) | AB8: =IF($A8="","",IF($P8="","",IFERROR(INDEX('Opportunities'!$Q$6:$Q$205,MATCH($P8,'Opportunities'!$A$6:$A$205,0)),""))) | AC8: =IF($A8="","",IF($P8="","",IFERROR(INDEX('Opportunities'!$Z$6:$Z$205,MATCH($P8,'Opportunities'!$A$6:$A$205,0)),""))) | AD8: =IF($A8="","",IF($P8="","",IFERROR(INDEX('Opportunities'!$AJ$6:$AJ$205,MATCH($P8,'Opportunities'!$A$6:$A$205,0)),""))) | AE8: =IF($A8="","",IF($P8="","",IFERROR(INDEX('Opportunities'!$AA$6:$AA$205,MATCH($P8,'Opportunities'!$A$6:$A$205,0)),""))) | AF8: =IF($A8="","",IF($P8="","",IFERROR(INDEX('Opportunities'!$AF$6:$AF$205,MATCH($P8,'Opportunities'!$A$6:$A$205,0)),""))) | AG8: =IF($A8="","",IF($P8="","",IFERROR(INDEX('Opportunities'!$AB$6:$AB$205,MATCH($P8,'Opportunities'!$A$6:$A$205,0)),""))) | AH8: =IF($A8="","",IF($P8="","",IFERROR(($U8+$V8-$J8-$K8)*24,0))) | AI8: =IF($A8="","",IF($P8="","No load selected",IF($AH8<IFERROR($Z8/'Settings'!$B$11,0)+'Settings'!$B$12,"Too tight",IF($AH8>'Settings'!$B$13,"Long wait","Feasible")))) | AJ8: =IF($A8="","",IF($P8="","",$N8-$Z8-$AB8)) | AK8: =IF($A8="","",IF(COUNTIF($A$6:$A$205,$A8)>1,"Duplicate Trip ID",IF($P8="","Open",IF(COUNTIF('Opportunities'!$A$6:$A$205,$P8)=0,"Load ID not found",IF(COUNTIFS('Opportunities'!$A$6:$A$205,$P8,'Opportunities'!$B$6:$B$205,$A8)=0,"Trip mismatch",IF(COUNTIF($P$6:$P$205,$P8)>1,"Duplicate selection",IF(AND(OR($O8="Booked",$O8="Completed"),AND($Q8<>"Booked",$Q8<>"Completed")),"Status mismatch","OK"))))))) | AL8: Waiting for broker confirmation.
A9: TRP-2504 | B9: 412 | C9: Priya Shah | D9: Dry Van | E9: Peach State Supply | F9: Atlanta | G9: GA | H9: 46275 | I9: 0.29166667 | J9: 46275 | K9: 0.375 | L9: Charlotte | M9: NC | N9: 245 | O9: Searching | Q9: =IF($A9="","",IF($P9="","",IFERROR(INDEX('Opportunities'!$C$6:$C$205,MATCH($P9,'Opportunities'!$A$6:$A$205,0)),""))) | R9: =IF($A9="","",IF($P9="","",IFERROR(INDEX('Opportunities'!$D$6:$D$205,MATCH($P9,'Opportunities'!$A$6:$A$205,0)),""))) | S9: =IF($A9="","",IF($P9="","",IFERROR(INDEX('Opportunities'!$E$6:$E$205,MATCH($P9,'Opportunities'!$A$6:$A$205,0)),""))) | T9: =IF($A9="","",IF($P9="","",IFERROR(INDEX('Opportunities'!$F$6:$F$205,MATCH($P9,'Opportunities'!$A$6:$A$205,0)),""))) | U9: =IF($A9="","",IF($P9="","",IFERROR(INDEX('Opportunities'!$G$6:$G$205,MATCH($P9,'Opportunities'!$A$6:$A$205,0)),""))) | V9: =IF($A9="","",IF($P9="","",IFERROR(INDEX('Opportunities'!$H$6:$H$205,MATCH($P9,'Opportunities'!$A$6:$A$205,0)),""))) | W9: =IF($A9="","",IF($P9="","",IFERROR(INDEX('Opportunities'!$I$6:$I$205,MATCH($P9,'Opportunities'!$A$6:$A$205,0)),""))) | X9: =IF($A9="","",IF($P9="","",IFERROR(INDEX('Opportunities'!$J$6:$J$205,MATCH($P9,'Opportunities'!$A$6:$A$205,0)),""))) | Y9: =IF($A9="","",IF($P9="","",IFERROR(INDEX('Opportunities'!$K$6:$K$205,MATCH($P9,'Opportunities'!$A$6:$A$205,0)),""))) | Z9: =IF($A9="","",IF($P9="","",IFERROR(INDEX('Opportunities'!$O$6:$O$205,MATCH($P9,'Opportunities'!$A$6:$A$205,0)),""))) | AA9: =IF($A9="","",IF($P9="","",IFERROR(INDEX('Opportunities'!$P$6:$P$205,MATCH($P9,'Opportunities'!$A$6:$A$205,0)),""))) | AB9: =IF($A9="","",IF($P9="","",IFERROR(INDEX('Opportunities'!$Q$6:$Q$205,MATCH($P9,'Opportunities'!$A$6:$A$205,0)),""))) | AC9: =IF($A9="","",IF($P9="","",IFERROR(INDEX('Opportunities'!$Z$6:$Z$205,MATCH($P9,'Opportunities'!$A$6:$A$205,0)),""))) | AD9: =IF($A9="","",IF($P9="","",IFERROR(INDEX('Opportunities'!$AJ$6:$AJ$205,MATCH($P9,'Opportunities'!$A$6:$A$205,0)),""))) | AE9: =IF($A9="","",IF($P9="","",IFERROR(INDEX('Opportunities'!$AA$6:$AA$205,MATCH($P9,'Opportunities'!$A$6:$A$205,0)),""))) | AF9: =IF($A9="","",IF($P9="","",IFERROR(INDEX('Opportunities'!$AF$6:$AF$205,MATCH($P9,'Opportunities'!$A$6:$A$205,0)),""))) | AG9: =IF($A9="","",IF($P9="","",IFERROR(INDEX('Opportunities'!$AB$6:$AB$205,MATCH($P9,'Opportunities'!$A$6:$A$205,0)),""))) | AH9: =IF($A9="","",IF($P9="","",IFERROR(($U9+$V9-$J9-$K9)*24,0))) | AI9: =IF($A9="","",IF($P9="","No load selected",IF($AH9<IFERROR($Z9/'Settings'!$B$11,0)+'Settings'!$B$12,"Too tight",IF($AH9>'Settings'!$B$13,"Long wait","Feasible")))) | AJ9: =IF($A9="","",IF($P9="","",$N9-$Z9-$AB9)) | AK9: =IF($A9="","",IF(COUNTIF($A$6:$A$205,$A9)>1,"Duplicate Trip ID",IF($P9="","Open",IF(COUNTIF('Opportunities'!$A$6:$A$205,$P9)=0,"Load ID not found",IF(COUNTIFS('Opportunities'!$A$6:$A$205,$P9,'Opportunities'!$B$6:$B$205,$A9)=0,"Trip mismatch",IF(COUNTIF($P$6:$P$205,$P9)>1,"Duplicate selection",IF(AND(OR($O9="Booked",$O9="Completed"),AND($Q9<>"Booked",$Q9<>"Completed")),"Status mismatch","OK"))))))) | AL9: Review BH-1004 before quote expiration.
A10: TRP-2505 | B10: 305 | C10: Daniel Kim | D10: Dry Van | E10: Lone Star Appliances | F10: Dallas | G10: TX | H10: 46276 | I10: 0.27083333 | J10: 46276 | K10: 0.33333333 | L10: Oklahoma City | M10: OK | N10: 206 | O10: Booked | P10: BH-1005 | Q10: =IF($A10="","",IF($P10="","",IFERROR(INDEX('Opportunities'!$C$6:$C$205,MATCH($P10,'Opportunities'!$A$6:$A$205,0)),""))) | R10: =IF($A10="","",IF($P10="","",IFERROR(INDEX('Opportunities'!$D$6:$D$205,MATCH($P10,'Opportunities'!$A$6:$A$205,0)),""))) | S10: =IF($A10="","",IF($P10="","",IFERROR(INDEX('Opportunities'!$E$6:$E$205,MATCH($P10,'Opportunities'!$A$6:$A$205,0)),""))) | T10: =IF($A10="","",IF($P10="","",IFERROR(INDEX('Opportunities'!$F$6:$F$205,MATCH($P10,'Opportunities'!$A$6:$A$205,0)),""))) | U10: =IF($A10="","",IF($P10="","",IFERROR(INDEX('Opportunities'!$G$6:$G$205,MATCH($P10,'Opportunities'!$A$6:$A$205,0)),""))) | V10: =IF($A10="","",IF($P10="","",IFERROR(INDEX('Opportunities'!$H$6:$H$205,MATCH($P10,'Opportunities'!$A$6:$A$205,0)),""))) | W10: =IF($A10="","",IF($P10="","",IFERROR(INDEX('Opportunities'!$I$6:$I$205,MATCH($P10,'Opportunities'!$A$6:$A$205,0)),""))) | X10: =IF($A10="","",IF($P10="","",IFERROR(INDEX('Opportunities'!$J$6:$J$205,MATCH($P10,'Opportunities'!$A$6:$A$205,0)),""))) | Y10: =IF($A10="","",IF($P10="","",IFERROR(INDEX('Opportunities'!$K$6:$K$205,MATCH($P10,'Opportunities'!$A$6:$A$205,0)),""))) | Z10: =IF($A10="","",IF($P10="","",IFERROR(INDEX('Opportunities'!$O$6:$O$205,MATCH($P10,'Opportunities'!$A$6:$A$205,0)),""))) | AA10: =IF($A10="","",IF($P10="","",IFERROR(INDEX('Opportunities'!$P$6:$P$205,MATCH($P10,'Opportunities'!$A$6:$A$205,0)),""))) | AB10: =IF($A10="","",IF($P10="","",IFERROR(INDEX('Opportunities'!$Q$6:$Q$205,MATCH($P10,'Opportunities'!$A$6:$A$205,0)),""))) | AC10: =IF($A10="","",IF($P10="","",IFERROR(INDEX('Opportunities'!$Z$6:$Z$205,MATCH($P10,'Opportunities'!$A$6:$A$205,0)),""))) | AD10: =IF($A10="","",IF($P10="","",IFERROR(INDEX('Opportunities'!$AJ$6:$AJ$205,MATCH($P10,'Opportunities'!$A$6:$A$205,0)),""))) | AE10: =IF($A10="","",IF($P10="","",IFERROR(INDEX('Opportunities'!$AA$6:$AA$205,MATCH($P10,'Opportunities'!$A$6:$A$205,0)),""))) | AF10: =IF($A10="","",IF($P10="","",IFERROR(INDEX('Opportunities'!$AF$6:$AF$205,MATCH($P10,'Opportunities'!$A$6:$A$205,0)),""))) | AG10: =IF($A10="","",IF($P10="","",IFERROR(INDEX('Opportunities'!$AB$6:$AB$205,MATCH($P10,'Opportunities'!$A$6:$A$205,0)),""))) | AH10: =IF($A10="","",IF($P10="","",IFERROR(($U10+$V10-$J10-$K10)*24,0))) | AI10: =IF($A10="","",IF($P10="","No load selected",IF($AH10<IFERROR($Z10/'Settings'!$B$11,0)+'Settings'!$B$12,"Too tight",IF($AH10>'Settings'!$B$13,"Long wait","Feasible")))) | AJ10: =IF($A10="","",IF($P10="","",$N10-$Z10-$AB10)) | AK10: =IF($A10="","",IF(COUNTIF($A$6:$A$205,$A10)>1,"Duplicate Trip ID",IF($P10="","Open",IF(COUNTIF('Opportunities'!$A$6:$A$205,$P10)=0,"Load ID not found",IF(COUNTIFS('Opportunities'!$A$6:$A$205,$P10,'Opportunities'!$B$6:$B$205,$A10)=0,"Trip mismatch",IF(COUNTIF($P$6:$P$205,$P10)>1,"Duplicate selection",IF(AND(OR($O10="Booked",$O10="Completed"),AND($Q10<>"Booked",$Q10<>"Completed")),"Status mismatch","OK"))))))) | AL10: Booked for service need despite low margin.
A11: TRP-2506 | B11: 509 | C11: Sofia Martinez | D11: Reefer | E11: Desert Medical Supply | F11: Phoenix | G11: AZ | H11: 46278 | I11: 0.29166667 | J11: 46278 | K11: 0.33333333 | L11: Las Vegas | M11: NV | N11: 300 | O11: No Backhaul | Q11: =IF($A11="","",IF($P11="","",IFERROR(INDEX('Opportunities'!$C$6:$C$205,MATCH($P11,'Opportunities'!$A$6:$A$205,0)),""))) | R11: =IF($A11="","",IF($P11="","",IFERROR(INDEX('Opportunities'!$D$6:$D$205,MATCH($P11,'Opportunities'!$A$6:$A$205,0)),""))) | S11: =IF($A11="","",IF($P11="","",IFERROR(INDEX('Opportunities'!$E$6:$E$205,MATCH($P11,'Opportunities'!$A$6:$A$205,0)),""))) | T11: =IF($A11="","",IF($P11="","",IFERROR(INDEX('Opportunities'!$F$6:$F$205,MATCH($P11,'Opportunities'!$A$6:$A$205,0)),""))) | U11: =IF($A11="","",IF($P11="","",IFERROR(INDEX('Opportunities'!$G$6:$G$205,MATCH($P11,'Opportunities'!$A$6:$A$205,0)),""))) | V11: =IF($A11="","",IF($P11="","",IFERROR(INDEX('Opportunities'!$H$6:$H$205,MATCH($P11,'Opportunities'!$A$6:$A$205,0)),""))) | W11: =IF($A11="","",IF($P11="","",IFERROR(INDEX('Opportunities'!$I$6:$I$205,MATCH($P11,'Opportunities'!$A$6:$A$205,0)),""))) | X11: =IF($A11="","",IF($P11="","",IFERROR(INDEX('Opportunities'!$J$6:$J$205,MATCH($P11,'Opportunities'!$A$6:$A$205,0)),""))) | Y11: =IF($A11="","",IF($P11="","",IFERROR(INDEX('Opportunities'!$K$6:$K$205,MATCH($P11,'Opportunities'!$A$6:$A$205,0)),""))) | Z11: =IF($A11="","",IF($P11="","",IFERROR(INDEX('Opportunities'!$O$6:$O$205,MATCH($P11,'Opportunities'!$A$6:$A$205,0)),""))) | AA11: =IF($A11="","",IF($P11="","",IFERROR(INDEX('Opportunities'!$P$6:$P$205,MATCH($P11,'Opportunities'!$A$6:$A$205,0)),""))) | AB11: =IF($A11="","",IF($P11="","",IFERROR(INDEX('Opportunities'!$Q$6:$Q$205,MATCH($P11,'Opportunities'!$A$6:$A$205,0)),""))) | AC11: =IF($A11="","",IF($P11="","",IFERROR(INDEX('Opportunities'!$Z$6:$Z$205,MATCH($P11,'Opportunities'!$A$6:$A$205,0)),""))) | AD11: =IF($A11="","",IF($P11="","",IFERROR(INDEX('Opportunities'!$AJ$6:$AJ$205,MATCH($P11,'Opportunities'!$A$6:$A$205,0)),""))) | AE11: =IF($A11="","",IF($P11="","",IFERROR(INDEX('Opportunities'!$AA$6:$AA$205,MATCH($P11,'Opportunities'!$A$6:$A$205,0)),""))) | AF11: =IF($A11="","",IF($P11="","",IFERROR(INDEX('Opportunities'!$AF$6:$AF$205,MATCH($P11,'Opportunities'!$A$6:$A$205,0)),""))) | AG11: =IF($A11="","",IF($P11="","",IFERROR(INDEX('Opportunities'!$AB$6:$AB$205,MATCH($P11,'Opportunities'!$A$6:$A$205,0)),""))) | AH11: =IF($A11="","",IF($P11="","",IFERROR(($U11+$V11-$J11-$K11)*24,0))) | AI11: =IF($A11="","",IF($P11="","No load selected",IF($AH11<IFERROR($Z11/'Settings'!$B$11,0)+'Settings'!$B$12,"Too tight",IF($AH11>'Settings'!$B$13,"Long wait","Feasible")))) | AJ11: =IF($A11="","",IF($P11="","",$N11-$Z11-$AB11)) | AK11: =IF($A11="","",IF(COUNTIF($A$6:$A$205,$A11)>1,"Duplicate Trip ID",IF($P11="","Open",IF(COUNTIF('Opportunities'!$A$6:$A$205,$P11)=0,"Load ID not found",IF(COUNTIFS('Opportunities'!$A$6:$A$205,$P11,'Opportunities'!$B$6:$B$205,$A11)=0,"Trip mismatch",IF(COUNTIF($P$6:$P$205,$P11)>1,"Duplicate selection",IF(AND(OR($O11="Booked",$O11="Completed"),AND($Q11<>"Booked",$Q11<>"Completed")),"Status mismatch","OK"))))))) | AL11: Return empty due to next-day commitment.
A12: TRP-2507 | B12: 188 | C12: Caleb Johnson | D12: Dry Van | E12: Gateway Packaging | F12: St. Louis | G12: MO | H12: 46271 | I12: 0.29166667 | J12: 46271 | K12: 0.35416667 | L12: Kansas City | M12: MO | N12: 248 | O12: Completed | P12: BH-1007 | Q12: =IF($A12="","",IF($P12="","",IFERROR(INDEX('Opportunities'!$C$6:$C$205,MATCH($P12,'Opportunities'!$A$6:$A$205,0)),""))) | R12: =IF($A12="","",IF($P12="","",IFERROR(INDEX('Opportunities'!$D$6:$D$205,MATCH($P12,'Opportunities'!$A$6:$A$205,0)),""))) | S12: =IF($A12="","",IF($P12="","",IFERROR(INDEX('Opportunities'!$E$6:$E$205,MATCH($P12,'Opportunities'!$A$6:$A$205,0)),""))) | T12: =IF($A12="","",IF($P12="","",IFERROR(INDEX('Opportunities'!$F$6:$F$205,MATCH($P12,'Opportunities'!$A$6:$A$205,0)),""))) | U12: =IF($A12="","",IF($P12="","",IFERROR(INDEX('Opportunities'!$G$6:$G$205,MATCH($P12,'Opportunities'!$A$6:$A$205,0)),""))) | V12: =IF($A12="","",IF($P12="","",IFERROR(INDEX('Opportunities'!$H$6:$H$205,MATCH($P12,'Opportunities'!$A$6:$A$205,0)),""))) | W12: =IF($A12="","",IF($P12="","",IFERROR(INDEX('Opportunities'!$I$6:$I$205,MATCH($P12,'Opportunities'!$A$6:$A$205,0)),""))) | X12: =IF($A12="","",IF($P12="","",IFERROR(INDEX('Opportunities'!$J$6:$J$205,MATCH($P12,'Opportunities'!$A$6:$A$205,0)),""))) | Y12: =IF($A12="","",IF($P12="","",IFERROR(INDEX('Opportunities'!$K$6:$K$205,MATCH($P12,'Opportunities'!$A$6:$A$205,0)),""))) | Z12: =IF($A12="","",IF($P12="","",IFERROR(INDEX('Opportunities'!$O$6:$O$205,MATCH($P12,'Opportunities'!$A$6:$A$205,0)),""))) | AA12: =IF($A12="","",IF($P12="","",IFERROR(INDEX('Opportunities'!$P$6:$P$205,MATCH($P12,'Opportunities'!$A$6:$A$205,0)),""))) | AB12: =IF($A12="","",IF($P12="","",IFERROR(INDEX('Opportunities'!$Q$6:$Q$205,MATCH($P12,'Opportunities'!$A$6:$A$205,0)),""))) | AC12: =IF($A12="","",IF($P12="","",IFERROR(INDEX('Opportunities'!$Z$6:$Z$205,MATCH($P12,'Opportunities'!$A$6:$A$205,0)),""))) | AD12: =IF($A12="","",IF($P12="","",IFERROR(INDEX('Opportunities'!$AJ$6:$AJ$205,MATCH($P12,'Opportunities'!$A$6:$A$205,0)),""))) | AE12: =IF($A12="","",IF($P12="","",IFERROR(INDEX('Opportunities'!$AA$6:$AA$205,MATCH($P12,'Opportunities'!$A$6:$A$205,0)),""))) | AF12: =IF($A12="","",IF($P12="","",IFERROR(INDEX('Opportunities'!$AF$6:$AF$205,MATCH($P12,'Opportunities'!$A$6:$A$205,0)),""))) | AG12: =IF($A12="","",IF($P12="","",IFERROR(INDEX('Opportunities'!$AB$6:$AB$205,MATCH($P12,'Opportunities'!$A$6:$A$205,0)),""))) | AH12: =IF($A12="","",IF($P12="","",IFERROR(($U12+$V12-$J12-$K12)*24,0))) | AI12: =IF($A12="","",IF($P12="","No load selected",IF($AH12<IFERROR($Z12/'Settings'!$B$11,0)+'Settings'!$B$12,"Too tight",IF($AH12>'Settings'!$B$13,"Long wait","Feasible")))) | AJ12: =IF($A12="","",IF($P12="","",$N12-$Z12-$AB12)) | AK12: =IF($A12="","",IF(COUNTIF($A$6:$A$205,$A12)>1,"Duplicate Trip ID",IF($P12="","Open",IF(COUNTIF('Opportunities'!$A$6:$A$205,$P12)=0,"Load ID not found",IF(COUNTIFS('Opportunities'!$A$6:$A$205,$P12,'Opportunities'!$B$6:$B$205,$A12)=0,"Trip mismatch",IF(COUNTIF($P$6:$P$205,$P12)>1,"Duplicate selection",IF(AND(OR($O12="Booked",$O12="Completed"),AND($Q12<>"Booked",$Q12<>"Completed")),"Status mismatch","OK"))))))) | AL12: Delivery paperwork complete.
A13: TRP-2508 | B13: 274 | C13: Hannah Nguyen | D13: Dry Van | E13: Cascade Office Products | F13: Seattle | G13: WA | H13: 46279 | I13: 0.27083333 | J13: 46279 | K13: 0.33333333 | L13: Portland | M13: OR | N13: 174 | O13: Tentative | P13: BH-1008 | Q13: =IF($A13="","",IF($P13="","",IFERROR(INDEX('Opportunities'!$C$6:$C$205,MATCH($P13,'Opportunities'!$A$6:$A$205,0)),""))) | R13: =IF($A13="","",IF($P13="","",IFERROR(INDEX('Opportunities'!$D$6:$D$205,MATCH($P13,'Opportunities'!$A$6:$A$205,0)),""))) | S13: =IF($A13="","",IF($P13="","",IFERROR(INDEX('Opportunities'!$E$6:$E$205,MATCH($P13,'Opportunities'!$A$6:$A$205,0)),""))) | T13: =IF($A13="","",IF($P13="","",IFERROR(INDEX('Opportunities'!$F$6:$F$205,MATCH($P13,'Opportunities'!$A$6:$A$205,0)),""))) | U13: =IF($A13="","",IF($P13="","",IFERROR(INDEX('Opportunities'!$G$6:$G$205,MATCH($P13,'Opportunities'!$A$6:$A$205,0)),""))) | V13: =IF($A13="","",IF($P13="","",IFERROR(INDEX('Opportunities'!$H$6:$H$205,MATCH($P13,'Opportunities'!$A$6:$A$205,0)),""))) | W13: =IF($A13="","",IF($P13="","",IFERROR(INDEX('Opportunities'!$I$6:$I$205,MATCH($P13,'Opportunities'!$A$6:$A$205,0)),""))) | X13: =IF($A13="","",IF($P13="","",IFERROR(INDEX('Opportunities'!$J$6:$J$205,MATCH($P13,'Opportunities'!$A$6:$A$205,0)),""))) | Y13: =IF($A13="","",IF($P13="","",IFERROR(INDEX('Opportunities'!$K$6:$K$205,MATCH($P13,'Opportunities'!$A$6:$A$205,0)),""))) | Z13: =IF($A13="","",IF($P13="","",IFERROR(INDEX('Opportunities'!$O$6:$O$205,MATCH($P13,'Opportunities'!$A$6:$A$205,0)),""))) | AA13: =IF($A13="","",IF($P13="","",IFERROR(INDEX('Opportunities'!$P$6:$P$205,MATCH($P13,'Opportunities'!$A$6:$A$205,0)),""))) | AB13: =IF($A13="","",IF($P13="","",IFERROR(INDEX('Opportunities'!$Q$6:$Q$205,MATCH($P13,'Opportunities'!$A$6:$A$205,0)),""))) | AC13: =IF($A13="","",IF($P13="","",IFERROR(INDEX('Opportunities'!$Z$6:$Z$205,MATCH($P13,'Opportunities'!$A$6:$A$205,0)),""))) | AD13: =IF($A13="","",IF($P13="","",IFERROR(INDEX('Opportunities'!$AJ$6:$AJ$205,MATCH($P13,'Opportunities'!$A$6:$A$205,0)),""))) | AE13: =IF($A13="","",IF($P13="","",IFERROR(INDEX('Opportunities'!$AA$6:$AA$205,MATCH($P13,'Opportunities'!$A$6:$A$205,0)),""))) | AF13: =IF($A13="","",IF($P13="","",IFERROR(INDEX('Opportunities'!$AF$6:$AF$205,MATCH($P13,'Opportunities'!$A$6:$A$205,0)),""))) | AG13: =IF($A13="","",IF($P13="","",IFERROR(INDEX('Opportunities'!$AB$6:$AB$205,MATCH($P13,'Opportunities'!$A$6:$A$205,0)),""))) | AH13: =IF($A13="","",IF($P13="","",IFERROR(($U13+$V13-$J13-$K13)*24,0))) | AI13: =IF($A13="","",IF($P13="","No load selected",IF($AH13<IFERROR($Z13/'Settings'!$B$11,0)+'Settings'!$B$12,"Too tight",IF($AH13>'Settings'!$B$13,"Long wait","Feasible")))) | AJ13: =IF($A13="","",IF($P13="","",$N13-$Z13-$AB13)) | AK13: =IF($A13="","",IF(COUNTIF($A$6:$A$205,$A13)>1,"Duplicate Trip ID",IF($P13="","Open",IF(COUNTIF('Opportunities'!$A$6:$A$205,$P13)=0,"Load ID not found",IF(COUNTIFS('Opportunities'!$A$6:$A$205,$P13,'Opportunities'!$B$6:$B$205,$A13)=0,"Trip mismatch",IF(COUNTIF($P$6:$P$205,$P13)>1,"Duplicate selection",IF(AND(OR($O13="Booked",$O13="Completed"),AND($Q13<>"Booked",$Q13<>"Completed")),"Status mismatch","OK"))))))) | AL13: Long wait; verify driver hours and schedule manually.
A14: TRP-2509 | B14: 331 | C14: Luis Rivera | D14: Reefer | E14: Coastal Hospitality | F14: Miami | G14: FL | H14: 46281 | I14: 0.29166667 | J14: 46281 | K14: 0.375 | L14: Orlando | M14: FL | N14: 235 | O14: Canceled | Q14: =IF($A14="","",IF($P14="","",IFERROR(INDEX('Opportunities'!$C$6:$C$205,MATCH($P14,'Opportunities'!$A$6:$A$205,0)),""))) | R14: =IF($A14="","",IF($P14="","",IFERROR(INDEX('Opportunities'!$D$6:$D$205,MATCH($P14,'Opportunities'!$A$6:$A$205,0)),""))) | S14: =IF($A14="","",IF($P14="","",IFERROR(INDEX('Opportunities'!$E$6:$E$205,MATCH($P14,'Opportunities'!$A$6:$A$205,0)),""))) | T14: =IF($A14="","",IF($P14="","",IFERROR(INDEX('Opportunities'!$F$6:$F$205,MATCH($P14,'Opportunities'!$A$6:$A$205,0)),""))) | U14: =IF($A14="","",IF($P14="","",IFERROR(INDEX('Opportunities'!$G$6:$G$205,MATCH($P14,'Opportunities'!$A$6:$A$205,0)),""))) | V14: =IF($A14="","",IF($P14="","",IFERROR(INDEX('Opportunities'!$H$6:$H$205,MATCH($P14,'Opportunities'!$A$6:$A$205,0)),""))) | W14: =IF($A14="","",IF($P14="","",IFERROR(INDEX('Opportunities'!$I$6:$I$205,MATCH($P14,'Opportunities'!$A$6:$A$205,0)),""))) | X14: =IF($A14="","",IF($P14="","",IFERROR(INDEX('Opportunities'!$J$6:$J$205,MATCH($P14,'Opportunities'!$A$6:$A$205,0)),""))) | Y14: =IF($A14="","",IF($P14="","",IFERROR(INDEX('Opportunities'!$K$6:$K$205,MATCH($P14,'Opportunities'!$A$6:$A$205,0)),""))) | Z14: =IF($A14="","",IF($P14="","",IFERROR(INDEX('Opportunities'!$O$6:$O$205,MATCH($P14,'Opportunities'!$A$6:$A$205,0)),""))) | AA14: =IF($A14="","",IF($P14="","",IFERROR(INDEX('Opportunities'!$P$6:$P$205,MATCH($P14,'Opportunities'!$A$6:$A$205,0)),""))) | AB14: =IF($A14="","",IF($P14="","",IFERROR(INDEX('Opportunities'!$Q$6:$Q$205,MATCH($P14,'Opportunities'!$A$6:$A$205,0)),""))) | AC14: =IF($A14="","",IF($P14="","",IFERROR(INDEX('Opportunities'!$Z$6:$Z$205,MATCH($P14,'Opportunities'!$A$6:$A$205,0)),""))) | AD14: =IF($A14="","",IF($P14="","",IFERROR(INDEX('Opportunities'!$AJ$6:$AJ$205,MATCH($P14,'Opportunities'!$A$6:$A$205,0)),""))) | AE14: =IF($A14="","",IF($P14="","",IFERROR(INDEX('Opportunities'!$AA$6:$AA$205,MATCH($P14,'Opportunities'!$A$6:$A$205,0)),""))) | AF14: =IF($A14="","",IF($P14="","",IFERROR(INDEX('Opportunities'!$AF$6:$AF$205,MATCH($P14,'Opportunities'!$A$6:$A$205,0)),""))) | AG14: =IF($A14="","",IF($P14="","",IFERROR(INDEX('Opportunities'!$AB$6:$AB$205,MATCH($P14,'Opportunities'!$A$6:$A$205,0)),""))) | AH14: =IF($A14="","",IF($P14="","",IFERROR(($U14+$V14-$J14-$K14)*24,0))) | AI14: =IF($A14="","",IF($P14="","No load selected",IF($AH14<IFERROR($Z14/'Settings'!$B$11,0)+'Settings'!$B$12,"Too tight",IF($AH14>'Settings'!$B$13,"Long wait","Feasible")))) | AJ14: =IF($A14="","",IF($P14="","",$N14-$Z14-$AB14)) | AK14: =IF($A14="","",IF(COUNTIF($A$6:$A$205,$A14)>1,"Duplicate Trip ID",IF($P14="","Open",IF(COUNTIF('Opportunities'!$A$6:$A$205,$P14)=0,"Load ID not found",IF(COUNTIFS('Opportunities'!$A$6:$A$205,$P14,'Opportunities'!$B$6:$B$205,$A14)=0,"Trip mismatch",IF(COUNTIF($P$6:$P$205,$P14)>1,"Duplicate selection",IF(AND(OR($O14="Booked",$O14="Completed"),AND($Q14<>"Booked",$Q14<>"Completed")),"Status mismatch","OK"))))))) | AL14: Outbound customer canceled the trip.
A15: TRP-2510 | B15: 246 | C15: Avery Collins | D15: Flatbed | E15: Southern Hardware | F15: Birmingham | G15: AL | H15: 46282 | I15: 0.29166667 | J15: 46282 | K15: 0.33333333 | L15: Memphis | M15: TN | N15: 239 | O15: Booked | P15: BH-1010 | Q15: =IF($A15="","",IF($P15="","",IFERROR(INDEX('Opportunities'!$C$6:$C$205,MATCH($P15,'Opportunities'!$A$6:$A$205,0)),""))) | R15: =IF($A15="","",IF($P15="","",IFERROR(INDEX('Opportunities'!$D$6:$D$205,MATCH($P15,'Opportunities'!$A$6:$A$205,0)),""))) | S15: =IF($A15="","",IF($P15="","",IFERROR(INDEX('Opportunities'!$E$6:$E$205,MATCH($P15,'Opportunities'!$A$6:$A$205,0)),""))) | T15: =IF($A15="","",IF($P15="","",IFERROR(INDEX('Opportunities'!$F$6:$F$205,MATCH($P15,'Opportunities'!$A$6:$A$205,0)),""))) | U15: =IF($A15="","",IF($P15="","",IFERROR(INDEX('Opportunities'!$G$6:$G$205,MATCH($P15,'Opportunities'!$A$6:$A$205,0)),""))) | V15: =IF($A15="","",IF($P15="","",IFERROR(INDEX('Opportunities'!$H$6:$H$205,MATCH($P15,'Opportunities'!$A$6:$A$205,0)),""))) | W15: =IF($A15="","",IF($P15="","",IFERROR(INDEX('Opportunities'!$I$6:$I$205,MATCH($P15,'Opportunities'!$A$6:$A$205,0)),""))) | X15: =IF($A15="","",IF($P15="","",IFERROR(INDEX('Opportunities'!$J$6:$J$205,MATCH($P15,'Opportunities'!$A$6:$A$205,0)),""))) | Y15: =IF($A15="","",IF($P15="","",IFERROR(INDEX('Opportunities'!$K$6:$K$205,MATCH($P15,'Opportunities'!$A$6:$A$205,0)),""))) | Z15: =IF($A15="","",IF($P15="","",IFERROR(INDEX('Opportunities'!$O$6:$O$205,MATCH($P15,'Opportunities'!$A$6:$A$205,0)),""))) | AA15: =IF($A15="","",IF($P15="","",IFERROR(INDEX('Opportunities'!$P$6:$P$205,MATCH($P15,'Opportunities'!$A$6:$A$205,0)),""))) | AB15: =IF($A15="","",IF($P15="","",IFERROR(INDEX('Opportunities'!$Q$6:$Q$205,MATCH($P15,'Opportunities'!$A$6:$A$205,0)),""))) | AC15: =IF($A15="","",IF($P15="","",IFERROR(INDEX('Opportunities'!$Z$6:$Z$205,MATCH($P15,'Opportunities'!$A$6:$A$205,0)),""))) | AD15: =IF($A15="","",IF($P15="","",IFERROR(INDEX('Opportunities'!$AJ$6:$AJ$205,MATCH($P15,'Opportunities'!$A$6:$A$205,0)),""))) | AE15: =IF($A15="","",IF($P15="","",IFERROR(INDEX('Opportunities'!$AA$6:$AA$205,MATCH($P15,'Opportunities'!$A$6:$A$205,0)),""))) | AF15: =IF($A15="","",IF($P15="","",IFERROR(INDEX('Opportunities'!$AF$6:$AF$205,MATCH($P15,'Opportunities'!$A$6:$A$205,0)),""))) | AG15: =IF($A15="","",IF($P15="","",IFERROR(INDEX('Opportunities'!$AB$6:$AB$205,MATCH($P15,'Opportunities'!$A$6:$A$205,0)),""))) | AH15: =IF($A15="","",IF($P15="","",IFERROR(($U15+$V15-$J15-$K15)*24,0))) | AI15: =IF($A15="","",IF($P15="","No load selected",IF($AH15<IFERROR($Z15/'Settings'!$B$11,0)+'Settings'!$B$12,"Too tight",IF($AH15>'Settings'!$B$13,"Long wait","Feasible")))) | AJ15: =IF($A15="","",IF($P15="","",$N15-$Z15-$AB15)) | AK15: =IF($A15="","",IF(COUNTIF($A$6:$A$205,$A15)>1,"Duplicate Trip ID",IF($P15="","Open",IF(COUNTIF('Opportunities'!$A$6:$A$205,$P15)=0,"Load ID not found",IF(COUNTIFS('Opportunities'!$A$6:$A$205,$P15,'Opportunities'!$B$6:$B$205,$A15)=0,"Trip mismatch",IF(COUNTIF($P$6:$P$205,$P15)>1,"Duplicate selection",IF(AND(OR($O15="Booked",$O15="Completed"),AND($Q15<>"Booked",$Q15<>"Completed")),"Status mismatch","OK"))))))) | AL15: Confirm securement requirements with shipper.
Q16: =IF($A16="","",IF($P16="","",IFERROR(INDEX('Opportunities'!$C$6:$C$205,MATCH($P16,'Opportunities'!$A$6:$A$205,0)),""))) | R16: =IF($A16="","",IF($P16="","",IFERROR(INDEX('Opportunities'!$D$6:$D$205,MATCH($P16,'Opportunities'!$A$6:$A$205,0)),""))) | S16: =IF($A16="","",IF($P16="","",IFERROR(INDEX('Opportunities'!$E$6:$E$205,MATCH($P16,'Opportunities'!$A$6:$A$205,0)),""))) | T16: =IF($A16="","",IF($P16="","",IFERROR(INDEX('Opportunities'!$F$6:$F$205,MATCH($P16,'Opportunities'!$A$6:$A$205,0)),""))) | U16: =IF($A16="","",IF($P16="","",IFERROR(INDEX('Opportunities'!$G$6:$G$205,MATCH($P16,'Opportunities'!$A$6:$A$205,0)),""))) | V16: =IF($A16="","",IF($P16="","",IFERROR(INDEX('Opportunities'!$H$6:$H$205,MATCH($P16,'Opportunities'!$A$6:$A$205,0)),""))) | W16: =IF($A16="","",IF($P16="","",IFERROR(INDEX('Opportunities'!$I$6:$I$205,MATCH($P16,'Opportunities'!$A$6:$A$205,0)),""))) | X16: =IF($A16="","",IF($P16="","",IFERROR(INDEX('Opportunities'!$J$6:$J$205,MATCH($P16,'Opportunities'!$A$6:$A$205,0)),""))) | Y16: =IF($A16="","",IF($P16="","",IFERROR(INDEX('Opportunities'!$K$6:$K$205,MATCH($P16,'Opportunities'!$A$6:$A$205,0)),""))) | Z16: =IF($A16="","",IF($P16="","",IFERROR(INDEX('Opportunities'!$O$6:$O$205,MATCH($P16,'Opportunities'!$A$6:$A$205,0)),""))) | AA16: =IF($A16="","",IF($P16="","",IFERROR(INDEX('Opportunities'!$P$6:$P$205,MATCH($P16,'Opportunities'!$A$6:$A$205,0)),""))) | AB16: =IF($A16="","",IF($P16="","",IFERROR(INDEX('Opportunities'!$Q$6:$Q$205,MATCH($P16,'Opportunities'!$A$6:$A$205,0)),""))) | AC16: =IF($A16="","",IF($P16="","",IFERROR(INDEX('Opportunities'!$Z$6:$Z$205,MATCH($P16,'Opportunities'!$A$6:$A$205,0)),""))) | AD16: =IF($A16="","",IF($P16="","",IFERROR(INDEX('Opportunities'!$AJ$6:$AJ$205,MATCH($P16,'Opportunities'!$A$6:$A$205,0)),""))) | AE16: =IF($A16="","",IF($P16="","",IFERROR(INDEX('Opportunities'!$AA$6:$AA$205,MATCH($P16,'Opportunities'!$A$6:$A$205,0)),""))) | AF16: =IF($A16="","",IF($P16="","",IFERROR(INDEX('Opportunities'!$AF$6:$AF$205,MATCH($P16,'Opportunities'!$A$6:$A$205,0)),""))) | AG16: =IF($A16="","",IF($P16="","",IFERROR(INDEX('Opportunities'!$AB$6:$AB$205,MATCH($P16,'Opportunities'!$A$6:$A$205,0)),""))) | AH16: =IF($A16="","",IF($P16="","",IFERROR(($U16+$V16-$J16-$K16)*24,0))) | AI16: =IF($A16="","",IF($P16="","No load selected",IF($AH16<IFERROR($Z16/'Settings'!$B$11,0)+'Settings'!$B$12,"Too tight",IF($AH16>'Settings'!$B$13,"Long wait","Feasible")))) | AJ16: =IF($A16="","",IF($P16="","",$N16-$Z16-$AB16)) | AK16: =IF($A16="","",IF(COUNTIF($A$6:$A$205,$A16)>1,"Duplicate Trip ID",IF($P16="","Open",IF(COUNTIF('Opportunities'!$A$6:$A$205,$P16)=0,"Load ID not found",IF(COUNTIFS('Opportunities'!$A$6:$A$205,$P16,'Opportunities'!$B$6:$B$205,$A16)=0,"Trip mismatch",IF(COUNTIF($P$6:$P$205,$P16)>1,"Duplicate selection",IF(AND(OR($O16="Booked",$O16="Completed"),AND($Q16<>"Booked",$Q16<>"Completed")),"Status mismatch","OK")))))))
Q17: =IF($A17="","",IF($P17="","",IFERROR(INDEX('Opportunities'!$C$6:$C$205,MATCH($P17,'Opportunities'!$A$6:$A$205,0)),""))) | R17: =IF($A17="","",IF($P17="","",IFERROR(INDEX('Opportunities'!$D$6:$D$205,MATCH($P17,'Opportunities'!$A$6:$A$205,0)),""))) | S17: =IF($A17="","",IF($P17="","",IFERROR(INDEX('Opportunities'!$E$6:$E$205,MATCH($P17,'Opportunities'!$A$6:$A$205,0)),""))) | T17: =IF($A17="","",IF($P17="","",IFERROR(INDEX('Opportunities'!$F$6:$F$205,MATCH($P17,'Opportunities'!$A$6:$A$205,0)),""))) | U17: =IF($A17="","",IF($P17="","",IFERROR(INDEX('Opportunities'!$G$6:$G$205,MATCH($P17,'Opportunities'!$A$6:$A$205,0)),""))) | V17: =IF($A17="","",IF($P17="","",IFERROR(INDEX('Opportunities'!$H$6:$H$205,MATCH($P17,'Opportunities'!$A$6:$A$205,0)),""))) | W17: =IF($A17="","",IF($P17="","",IFERROR(INDEX('Opportunities'!$I$6:$I$205,MATCH($P17,'Opportunities'!$A$6:$A$205,0)),""))) | X17: =IF($A17="","",IF($P17="","",IFERROR(INDEX('Opportunities'!$J$6:$J$205,MATCH($P17,'Opportunities'!$A$6:$A$205,0)),""))) | Y17: =IF($A17="","",IF($P17="","",IFERROR(INDEX('Opportunities'!$K$6:$K$205,MATCH($P17,'Opportunities'!$A$6:$A$205,0)),""))) | Z17: =IF($A17="","",IF($P17="","",IFERROR(INDEX('Opportunities'!$O$6:$O$205,MATCH($P17,'Opportunities'!$A$6:$A$205,0)),""))) | AA17: =IF($A17="","",IF($P17="","",IFERROR(INDEX('Opportunities'!$P$6:$P$205,MATCH($P17,'Opportunities'!$A$6:$A$205,0)),""))) | AB17: =IF($A17="","",IF($P17="","",IFERROR(INDEX('Opportunities'!$Q$6:$Q$205,MATCH($P17,'Opportunities'!$A$6:$A$205,0)),""))) | AC17: =IF($A17="","",IF($P17="","",IFERROR(INDEX('Opportunities'!$Z$6:$Z$205,MATCH($P17,'Opportunities'!$A$6:$A$205,0)),""))) | AD17: =IF($A17="","",IF($P17="","",IFERROR(INDEX('Opportunities'!$AJ$6:$AJ$205,MATCH($P17,'Opportunities'!$A$6:$A$205,0)),""))) | AE17: =IF($A17="","",IF($P17="","",IFERROR(INDEX('Opportunities'!$AA$6:$AA$205,MATCH($P17,'Opportunities'!$A$6:$A$205,0)),""))) | AF17: =IF($A17="","",IF($P17="","",IFERROR(INDEX('Opportunities'!$AF$6:$AF$205,MATCH($P17,'Opportunities'!$A$6:$A$205,0)),""))) | AG17: =IF($A17="","",IF($P17="","",IFERROR(INDEX('Opportunities'!$AB$6:$AB$205,MATCH($P17,'Opportunities'!$A$6:$A$205,0)),""))) | AH17: =IF($A17="","",IF($P17="","",IFERROR(($U17+$V17-$J17-$K17)*24,0))) | AI17: =IF($A17="","",IF($P17="","No load selected",IF($AH17<IFERROR($Z17/'Settings'!$B$11,0)+'Settings'!$B$12,"Too tight",IF($AH17>'Settings'!$B$13,"Long wait","Feasible")))) | AJ17: =IF($A17="","",IF($P17="","",$N17-$Z17-$AB17)) | AK17: =IF($A17="","",IF(COUNTIF($A$6:$A$205,$A17)>1,"Duplicate Trip ID",IF($P17="","Open",IF(COUNTIF('Opportunities'!$A$6:$A$205,$P17)=0,"Load ID not found",IF(COUNTIFS('Opportunities'!$A$6:$A$205,$P17,'Opportunities'!$B$6:$B$205,$A17)=0,"Trip mismatch",IF(COUNTIF($P$6:$P$205,$P17)>1,"Duplicate selection",IF(AND(OR($O17="Booked",$O17="Completed"),AND($Q17<>"Booked",$Q17<>"Completed")),"Status mismatch","OK")))))))
Q18: =IF($A18="","",IF($P18="","",IFERROR(INDEX('Opportunities'!$C$6:$C$205,MATCH($P18,'Opportunities'!$A$6:$A$205,0)),""))) | R18: =IF($A18="","",IF($P18="","",IFERROR(INDEX('Opportunities'!$D$6:$D$205,MATCH($P18,'Opportunities'!$A$6:$A$205,0)),""))) | S18: =IF($A18="","",IF($P18="","",IFERROR(INDEX('Opportunities'!$E$6:$E$205,MATCH($P18,'Opportunities'!$A$6:$A$205,0)),""))) | T18: =IF($A18="","",IF($P18="","",IFERROR(INDEX('Opportunities'!$F$6:$F$205,MATCH($P18,'Opportunities'!$A$6:$A$205,0)),""))) | U18: =IF($A18="","",IF($P18="","",IFERROR(INDEX('Opportunities'!$G$6:$G$205,MATCH($P18,'Opportunities'!$A$6:$A$205,0)),""))) | V18: =IF($A18="","",IF($P18="","",IFERROR(INDEX('Opportunities'!$H$6:$H$205,MATCH($P18,'Opportunities'!$A$6:$A$205,0)),""))) | W18: =IF($A18="","",IF($P18="","",IFERROR(INDEX('Opportunities'!$I$6:$I$205,MATCH($P18,'Opportunities'!$A$6:$A$205,0)),""))) | X18: =IF($A18="","",IF($P18="","",IFERROR(INDEX('Opportunities'!$J$6:$J$205,MATCH($P18,'Opportunities'!$A$6:$A$205,0)),""))) | Y18: =IF($A18="","",IF($P18="","",IFERROR(INDEX('Opportunities'!$K$6:$K$205,MATCH($P18,'Opportunities'!$A$6:$A$205,0)),""))) | Z18: =IF($A18="","",IF($P18="","",IFERROR(INDEX('Opportunities'!$O$6:$O$205,MATCH($P18,'Opportunities'!$A$6:$A$205,0)),""))) | AA18: =IF($A18="","",IF($P18="","",IFERROR(INDEX('Opportunities'!$P$6:$P$205,MATCH($P18,'Opportunities'!$A$6:$A$205,0)),""))) | AB18: =IF($A18="","",IF($P18="","",IFERROR(INDEX('Opportunities'!$Q$6:$Q$205,MATCH($P18,'Opportunities'!$A$6:$A$205,0)),""))) | AC18: =IF($A18="","",IF($P18="","",IFERROR(INDEX('Opportunities'!$Z$6:$Z$205,MATCH($P18,'Opportunities'!$A$6:$A$205,0)),""))) | AD18: =IF($A18="","",IF($P18="","",IFERROR(INDEX('Opportunities'!$AJ$6:$AJ$205,MATCH($P18,'Opportunities'!$A$6:$A$205,0)),""))) | AE18: =IF($A18="","",IF($P18="","",IFERROR(INDEX('Opportunities'!$AA$6:$AA$205,MATCH($P18,'Opportunities'!$A$6:$A$205,0)),""))) | AF18: =IF($A18="","",IF($P18="","",IFERROR(INDEX('Opportunities'!$AF$6:$AF$205,MATCH($P18,'Opportunities'!$A$6:$A$205,0)),""))) | AG18: =IF($A18="","",IF($P18="","",IFERROR(INDEX('Opportunities'!$AB$6:$AB$205,MATCH($P18,'Opportunities'!$A$6:$A$205,0)),""))) | AH18: =IF($A18="","",IF($P18="","",IFERROR(($U18+$V18-$J18-$K18)*24,0))) | AI18: =IF($A18="","",IF($P18="","No load selected",IF($AH18<IFERROR($Z18/'Settings'!$B$11,0)+'Settings'!$B$12,"Too tight",IF($AH18>'Settings'!$B$13,"Long wait","Feasible")))) | AJ18: =IF($A18="","",IF($P18="","",$N18-$Z18-$AB18)) | AK18: =IF($A18="","",IF(COUNTIF($A$6:$A$205,$A18)>1,"Duplicate Trip ID",IF($P18="","Open",IF(COUNTIF('Opportunities'!$A$6:$A$205,$P18)=0,"Load ID not found",IF(COUNTIFS('Opportunities'!$A$6:$A$205,$P18,'Opportunities'!$B$6:$B$205,$A18)=0,"Trip mismatch",IF(COUNTIF($P$6:$P$205,$P18)>1,"Duplicate selection",IF(AND(OR($O18="Booked",$O18="Completed"),AND($Q18<>"Booked",$Q18<>"Completed")),"Status mismatch","OK")))))))
Q19: =IF($A19="","",IF($P19="","",IFERROR(INDEX('Opportunities'!$C$6:$C$205,MATCH($P19,'Opportunities'!$A$6:$A$205,0)),""))) | R19: =IF($A19="","",IF($P19="","",IFERROR(INDEX('Opportunities'!$D$6:$D$205,MATCH($P19,'Opportunities'!$A$6:$A$205,0)),""))) | S19: =IF($A19="","",IF($P19="","",IFERROR(INDEX('Opportunities'!$E$6:$E$205,MATCH($P19,'Opportunities'!$A$6:$A$205,0)),""))) | T19: =IF($A19="","",IF($P19="","",IFERROR(INDEX('Opportunities'!$F$6:$F$205,MATCH($P19,'Opportunities'!$A$6:$A$205,0)),""))) | U19: =IF($A19="","",IF($P19="","",IFERROR(INDEX('Opportunities'!$G$6:$G$205,MATCH($P19,'Opportunities'!$A$6:$A$205,0)),""))) | V19: =IF($A19="","",IF($P19="","",IFERROR(INDEX('Opportunities'!$H$6:$H$205,MATCH($P19,'Opportunities'!$A$6:$A$205,0)),""))) | W19: =IF($A19="","",IF($P19="","",IFERROR(INDEX('Opportunities'!$I$6:$I$205,MATCH($P19,'Opportunities'!$A$6:$A$205,0)),""))) | X19: =IF($A19="","",IF($P19="","",IFERROR(INDEX('Opportunities'!$J$6:$J$205,MATCH($P19,'Opportunities'!$A$6:$A$205,0)),""))) | Y19: =IF($A19="","",IF($P19="","",IFERROR(INDEX('Opportunities'!$K$6:$K$205,MATCH($P19,'Opportunities'!$A$6:$A$205,0)),""))) | Z19: =IF($A19="","",IF($P19="","",IFERROR(INDEX('Opportunities'!$O$6:$O$205,MATCH($P19,'Opportunities'!$A$6:$A$205,0)),""))) | AA19: =IF($A19="","",IF($P19="","",IFERROR(INDEX('Opportunities'!$P$6:$P$205,MATCH($P19,'Opportunities'!$A$6:$A$205,0)),""))) | AB19: =IF($A19="","",IF($P19="","",IFERROR(INDEX('Opportunities'!$Q$6:$Q$205,MATCH($P19,'Opportunities'!$A$6:$A$205,0)),""))) | AC19: =IF($A19="","",IF($P19="","",IFERROR(INDEX('Opportunities'!$Z$6:$Z$205,MATCH($P19,'Opportunities'!$A$6:$A$205,0)),""))) | AD19: =IF($A19="","",IF($P19="","",IFERROR(INDEX('Opportunities'!$AJ$6:$AJ$205,MATCH($P19,'Opportunities'!$A$6:$A$205,0)),""))) | AE19: =IF($A19="","",IF($P19="","",IFERROR(INDEX('Opportunities'!$AA$6:$AA$205,MATCH($P19,'Opportunities'!$A$6:$A$205,0)),""))) | AF19: =IF($A19="","",IF($P19="","",IFERROR(INDEX('Opportunities'!$AF$6:$AF$205,MATCH($P19,'Opportunities'!$A$6:$A$205,0)),""))) | AG19: =IF($A19="","",IF($P19="","",IFERROR(INDEX('Opportunities'!$AB$6:$AB$205,MATCH($P19,'Opportunities'!$A$6:$A$205,0)),""))) | AH19: =IF($A19="","",IF($P19="","",IFERROR(($U19+$V19-$J19-$K19)*24,0))) | AI19: =IF($A19="","",IF($P19="","No load selected",IF($AH19<IFERROR($Z19/'Settings'!$B$11,0)+'Settings'!$B$12,"Too tight",IF($AH19>'Settings'!$B$13,"Long wait","Feasible")))) | AJ19: =IF($A19="","",IF($P19="","",$N19-$Z19-$AB19)) | AK19: =IF($A19="","",IF(COUNTIF($A$6:$A$205,$A19)>1,"Duplicate Trip ID",IF($P19="","Open",IF(COUNTIF('Opportunities'!$A$6:$A$205,$P19)=0,"Load ID not found",IF(COUNTIFS('Opportunities'!$A$6:$A$205,$P19,'Opportunities'!$B$6:$B$205,$A19)=0,"Trip mismatch",IF(COUNTIF($P$6:$P$205,$P19)>1,"Duplicate selection",IF(AND(OR($O19="Booked",$O19="Completed"),AND($Q19<>"Booked",$Q19<>"Completed")),"Status mismatch","OK")))))))
Q20: =IF($A20="","",IF($P20="","",IFERROR(INDEX('Opportunities'!$C$6:$C$205,MATCH($P20,'Opportunities'!$A$6:$A$205,0)),""))) | R20: =IF($A20="","",IF($P20="","",IFERROR(INDEX('Opportunities'!$D$6:$D$205,MATCH($P20,'Opportunities'!$A$6:$A$205,0)),""))) | S20: =IF($A20="","",IF($P20="","",IFERROR(INDEX('Opportunities'!$E$6:$E$205,MATCH($P20,'Opportunities'!$A$6:$A$205,0)),""))) | T20: =IF($A20="","",IF($P20="","",IFERROR(INDEX('Opportunities'!$F$6:$F$205,MATCH($P20,'Opportunities'!$A$6:$A$205,0)),""))) | U20: =IF($A20="","",IF($P20="","",IFERROR(INDEX('Opportunities'!$G$6:$G$205,MATCH($P20,'Opportunities'!$A$6:$A$205,0)),""))) | V20: =IF($A20="","",IF($P20="","",IFERROR(INDEX('Opportunities'!$H$6:$H$205,MATCH($P20,'Opportunities'!$A$6:$A$205,0)),""))) | W20: =IF($A20="","",IF($P20="","",IFERROR(INDEX('Opportunities'!$I$6:$I$205,MATCH($P20,'Opportunities'!$A$6:$A$205,0)),""))) | X20: =IF($A20="","",IF($P20="","",IFERROR(INDEX('Opportunities'!$J$6:$J$205,MATCH($P20,'Opportunities'!$A$6:$A$205,0)),""))) | Y20: =IF($A20="","",IF($P20="","",IFERROR(INDEX('Opportunities'!$K$6:$K$205,MATCH($P20,'Opportunities'!$A$6:$A$205,0)),""))) | Z20: =IF($A20="","",IF($P20="","",IFERROR(INDEX('Opportunities'!$O$6:$O$205,MATCH($P20,'Opportunities'!$A$6:$A$205,0)),""))) | AA20: =IF($A20="","",IF($P20="","",IFERROR(INDEX('Opportunities'!$P$6:$P$205,MATCH($P20,'Opportunities'!$A$6:$A$205,0)),""))) | AB20: =IF($A20="","",IF($P20="","",IFERROR(INDEX('Opportunities'!$Q$6:$Q$205,MATCH($P20,'Opportunities'!$A$6:$A$205,0)),""))) | AC20: =IF($A20="","",IF($P20="","",IFERROR(INDEX('Opportunities'!$Z$6:$Z$205,MATCH($P20,'Opportunities'!$A$6:$A$205,0)),""))) | AD20: =IF($A20="","",IF($P20="","",IFERROR(INDEX('Opportunities'!$AJ$6:$AJ$205,MATCH($P20,'Opportunities'!$A$6:$A$205,0)),""))) | AE20: =IF($A20="","",IF($P20="","",IFERROR(INDEX('Opportunities'!$AA$6:$AA$205,MATCH($P20,'Opportunities'!$A$6:$A$205,0)),""))) | AF20: =IF($A20="","",IF($P20="","",IFERROR(INDEX('Opportunities'!$AF$6:$AF$205,MATCH($P20,'Opportunities'!$A$6:$A$205,0)),""))) | AG20: =IF($A20="","",IF($P20="","",IFERROR(INDEX('Opportunities'!$AB$6:$AB$205,MATCH($P20,'Opportunities'!$A$6:$A$205,0)),""))) | AH20: =IF($A20="","",IF($P20="","",IFERROR(($U20+$V20-$J20-$K20)*24,0))) | AI20: =IF($A20="","",IF($P20="","No load selected",IF($AH20<IFERROR($Z20/'Settings'!$B$11,0)+'Settings'!$B$12,"Too tight",IF($AH20>'Settings'!$B$13,"Long wait","Feasible")))) | AJ20: =IF($A20="","",IF($P20="","",$N20-$Z20-$AB20)) | AK20: =IF($A20="","",IF(COUNTIF($A$6:$A$205,$A20)>1,"Duplicate Trip ID",IF($P20="","Open",IF(COUNTIF('Opportunities'!$A$6:$A$205,$P20)=0,"Load ID not found",IF(COUNTIFS('Opportunities'!$A$6:$A$205,$P20,'Opportunities'!$B$6:$B$205,$A20)=0,"Trip mismatch",IF(COUNTIF($P$6:$P$205,$P20)>1,"Duplicate selection",IF(AND(OR($O20="Booked",$O20="Completed"),AND($Q20<>"Booked",$Q20<>"Completed")),"Status mismatch","OK")))))))
Q21: =IF($A21="","",IF($P21="","",IFERROR(INDEX('Opportunities'!$C$6:$C$205,MATCH($P21,'Opportunities'!$A$6:$A$205,0)),""))) | R21: =IF($A21="","",IF($P21="","",IFERROR(INDEX('Opportunities'!$D$6:$D$205,MATCH($P21,'Opportunities'!$A$6:$A$205,0)),""))) | S21: =IF($A21="","",IF($P21="","",IFERROR(INDEX('Opportunities'!$E$6:$E$205,MATCH($P21,'Opportunities'!$A$6:$A$205,0)),""))) | T21: =IF($A21="","",IF($P21="","",IFERROR(INDEX('Opportunities'!$F$6:$F$205,MATCH($P21,'Opportunities'!$A$6:$A$205,0)),""))) | U21: =IF($A21="","",IF($P21="","",IFERROR(INDEX('Opportunities'!$G$6:$G$205,MATCH($P21,'Opportunities'!$A$6:$A$205,0)),""))) | V21: =IF($A21="","",IF($P21="","",IFERROR(INDEX('Opportunities'!$H$6:$H$205,MATCH($P21,'Opportunities'!$A$6:$A$205,0)),""))) | W21: =IF($A21="","",IF($P21="","",IFERROR(INDEX('Opportunities'!$I$6:$I$205,MATCH($P21,'Opportunities'!$A$6:$A$205,0)),""))) | X21: =IF($A21="","",IF($P21="","",IFERROR(INDEX('Opportunities'!$J$6:$J$205,MATCH($P21,'Opportunities'!$A$6:$A$205,0)),""))) | Y21: =IF($A21="","",IF($P21="","",IFERROR(INDEX('Opportunities'!$K$6:$K$205,MATCH($P21,'Opportunities'!$A$6:$A$205,0)),""))) | Z21: =IF($A21="","",IF($P21="","",IFERROR(INDEX('Opportunities'!$O$6:$O$205,MATCH($P21,'Opportunities'!$A$6:$A$205,0)),""))) | AA21: =IF($A21="","",IF($P21="","",IFERROR(INDEX('Opportunities'!$P$6:$P$205,MATCH($P21,'Opportunities'!$A$6:$A$205,0)),""))) | AB21: =IF($A21="","",IF($P21="","",IFERROR(INDEX('Opportunities'!$Q$6:$Q$205,MATCH($P21,'Opportunities'!$A$6:$A$205,0)),""))) | AC21: =IF($A21="","",IF($P21="","",IFERROR(INDEX('Opportunities'!$Z$6:$Z$205,MATCH($P21,'Opportunities'!$A$6:$A$205,0)),""))) | AD21: =IF($A21="","",IF($P21="","",IFERROR(INDEX('Opportunities'!$AJ$6:$AJ$205,MATCH($P21,'Opportunities'!$A$6:$A$205,0)),""))) | AE21: =IF($A21="","",IF($P21="","",IFERROR(INDEX('Opportunities'!$AA$6:$AA$205,MATCH($P21,'Opportunities'!$A$6:$A$205,0)),""))) | AF21: =IF($A21="","",IF($P21="","",IFERROR(INDEX('Opportunities'!$AF$6:$AF$205,MATCH($P21,'Opportunities'!$A$6:$A$205,0)),""))) | AG21: =IF($A21="","",IF($P21="","",IFERROR(INDEX('Opportunities'!$AB$6:$AB$205,MATCH($P21,'Opportunities'!$A$6:$A$205,0)),""))) | AH21: =IF($A21="","",IF($P21="","",IFERROR(($U21+$V21-$J21-$K21)*24,0))) | AI21: =IF($A21="","",IF($P21="","No load selected",IF($AH21<IFERROR($Z21/'Settings'!$B$11,0)+'Settings'!$B$12,"Too tight",IF($AH21>'Settings'!$B$13,"Long wait","Feasible")))) | AJ21: =IF($A21="","",IF($P21="","",$N21-$Z21-$AB21)) | AK21: =IF($A21="","",IF(COUNTIF($A$6:$A$205,$A21)>1,"Duplicate Trip ID",IF($P21="","Open",IF(COUNTIF('Opportunities'!$A$6:$A$205,$P21)=0,"Load ID not found",IF(COUNTIFS('Opportunities'!$A$6:$A$205,$P21,'Opportunities'!$B$6:$B$205,$A21)=0,"Trip mismatch",IF(COUNTIF($P$6:$P$205,$P21)>1,"Duplicate selection",IF(AND(OR($O21="Booked",$O21="Completed"),AND($Q21<>"Booked",$Q21<>"Completed")),"Status mismatch","OK")))))))
Q22: =IF($A22="","",IF($P22="","",IFERROR(INDEX('Opportunities'!$C$6:$C$205,MATCH($P22,'Opportunities'!$A$6:$A$205,0)),""))) | R22: =IF($A22="","",IF($P22="","",IFERROR(INDEX('Opportunities'!$D$6:$D$205,MATCH($P22,'Opportunities'!$A$6:$A$205,0)),""))) | S22: =IF($A22="","",IF($P22="","",IFERROR(INDEX('Opportunities'!$E$6:$E$205,MATCH($P22,'Opportunities'!$A$6:$A$205,0)),""))) | T22: =IF($A22="","",IF($P22="","",IFERROR(INDEX('Opportunities'!$F$6:$F$205,MATCH($P22,'Opportunities'!$A$6:$A$205,0)),""))) | U22: =IF($A22="","",IF($P22="","",IFERROR(INDEX('Opportunities'!$G$6:$G$205,MATCH($P22,'Opportunities'!$A$6:$A$205,0)),""))) | V22: =IF($A22="","",IF($P22="","",IFERROR(INDEX('Opportunities'!$H$6:$H$205,MATCH($P22,'Opportunities'!$A$6:$A$205,0)),""))) | W22: =IF($A22="","",IF($P22="","",IFERROR(INDEX('Opportunities'!$I$6:$I$205,MATCH($P22,'Opportunities'!$A$6:$A$205,0)),""))) | X22: =IF($A22="","",IF($P22="","",IFERROR(INDEX('Opportunities'!$J$6:$J$205,MATCH($P22,'Opportunities'!$A$6:$A$205,0)),""))) | Y22: =IF($A22="","",IF($P22="","",IFERROR(INDEX('Opportunities'!$K$6:$K$205,MATCH($P22,'Opportunities'!$A$6:$A$205,0)),""))) | Z22: =IF($A22="","",IF($P22="","",IFERROR(INDEX('Opportunities'!$O$6:$O$205,MATCH($P22,'Opportunities'!$A$6:$A$205,0)),""))) | AA22: =IF($A22="","",IF($P22="","",IFERROR(INDEX('Opportunities'!$P$6:$P$205,MATCH($P22,'Opportunities'!$A$6:$A$205,0)),""))) | AB22: =IF($A22="","",IF($P22="","",IFERROR(INDEX('Opportunities'!$Q$6:$Q$205,MATCH($P22,'Opportunities'!$A$6:$A$205,0)),""))) | AC22: =IF($A22="","",IF($P22="","",IFERROR(INDEX('Opportunities'!$Z$6:$Z$205,MATCH($P22,'Opportunities'!$A$6:$A$205,0)),""))) | AD22: =IF($A22="","",IF($P22="","",IFERROR(INDEX('Opportunities'!$AJ$6:$AJ$205,MATCH($P22,'Opportunities'!$A$6:$A$205,0)),""))) | AE22: =IF($A22="","",IF($P22="","",IFERROR(INDEX('Opportunities'!$AA$6:$AA$205,MATCH($P22,'Opportunities'!$A$6:$A$205,0)),""))) | AF22: =IF($A22="","",IF($P22="","",IFERROR(INDEX('Opportunities'!$AF$6:$AF$205,MATCH($P22,'Opportunities'!$A$6:$A$205,0)),""))) | AG22: =IF($A22="","",IF($P22="","",IFERROR(INDEX('Opportunities'!$AB$6:$AB$205,MATCH($P22,'Opportunities'!$A$6:$A$205,0)),""))) | AH22: =IF($A22="","",IF($P22="","",IFERROR(($U22+$V22-$J22-$K22)*24,0))) | AI22: =IF($A22="","",IF($P22="","No load selected",IF($AH22<IFERROR($Z22/'Settings'!$B$11,0)+'Settings'!$B$12,"Too tight",IF($AH22>'Settings'!$B$13,"Long wait","Feasible")))) | AJ22: =IF($A22="","",IF($P22="","",$N22-$Z22-$AB22)) | AK22: =IF($A22="","",IF(COUNTIF($A$6:$A$205,$A22)>1,"Duplicate Trip ID",IF($P22="","Open",IF(COUNTIF('Opportunities'!$A$6:$A$205,$P22)=0,"Load ID not found",IF(COUNTIFS('Opportunities'!$A$6:$A$205,$P22,'Opportunities'!$B$6:$B$205,$A22)=0,"Trip mismatch",IF(COUNTIF($P$6:$P$205,$P22)>1,"Duplicate selection",IF(AND(OR($O22="Booked",$O22="Completed"),AND($Q22<>"Booked",$Q22<>"Completed")),"Status mismatch","OK")))))))
Q23: =IF($A23="","",IF($P23="","",IFERROR(INDEX('Opportunities'!$C$6:$C$205,MATCH($P23,'Opportunities'!$A$6:$A$205,0)),""))) | R23: =IF($A23="","",IF($P23="","",IFERROR(INDEX('Opportunities'!$D$6:$D$205,MATCH($P23,'Opportunities'!$A$6:$A$205,0)),""))) | S23: =IF($A23="","",IF($P23="","",IFERROR(INDEX('Opportunities'!$E$6:$E$205,MATCH($P23,'Opportunities'!$A$6:$A$205,0)),""))) | T23: =IF($A23="","",IF($P23="","",IFERROR(INDEX('Opportunities'!$F$6:$F$205,MATCH($P23,'Opportunities'!$A$6:$A$205,0)),""))) | U23: =IF($A23="","",IF($P23="","",IFERROR(INDEX('Opportunities'!$G$6:$G$205,MATCH($P23,'Opportunities'!$A$6:$A$205,0)),""))) | V23: =IF($A23="","",IF($P23="","",IFERROR(INDEX('Opportunities'!$H$6:$H$205,MATCH($P23,'Opportunities'!$A$6:$A$205,0)),""))) | W23: =IF($A23="","",IF($P23="","",IFERROR(INDEX('Opportunities'!$I$6:$I$205,MATCH($P23,'Opportunities'!$A$6:$A$205,0)),""))) | X23: =IF($A23="","",IF($P23="","",IFERROR(INDEX('Opportunities'!$J$6:$J$205,MATCH($P23,'Opportunities'!$A$6:$A$205,0)),""))) | Y23: =IF($A23="","",IF($P23="","",IFERROR(INDEX('Opportunities'!$K$6:$K$205,MATCH($P23,'Opportunities'!$A$6:$A$205,0)),""))) | Z23: =IF($A23="","",IF($P23="","",IFERROR(INDEX('Opportunities'!$O$6:$O$205,MATCH($P23,'Opportunities'!$A$6:$A$205,0)),""))) | AA23: =IF($A23="","",IF($P23="","",IFERROR(INDEX('Opportunities'!$P$6:$P$205,MATCH($P23,'Opportunities'!$A$6:$A$205,0)),""))) | AB23: =IF($A23="","",IF($P23="","",IFERROR(INDEX('Opportunities'!$Q$6:$Q$205,MATCH($P23,'Opportunities'!$A$6:$A$205,0)),""))) | AC23: =IF($A23="","",IF($P23="","",IFERROR(INDEX('Opportunities'!$Z$6:$Z$205,MATCH($P23,'Opportunities'!$A$6:$A$205,0)),""))) | AD23: =IF($A23="","",IF($P23="","",IFERROR(INDEX('Opportunities'!$AJ$6:$AJ$205,MATCH($P23,'Opportunities'!$A$6:$A$205,0)),""))) | AE23: =IF($A23="","",IF($P23="","",IFERROR(INDEX('Opportunities'!$AA$6:$AA$205,MATCH($P23,'Opportunities'!$A$6:$A$205,0)),""))) | AF23: =IF($A23="","",IF($P23="","",IFERROR(INDEX('Opportunities'!$AF$6:$AF$205,MATCH($P23,'Opportunities'!$A$6:$A$205,0)),""))) | AG23: =IF($A23="","",IF($P23="","",IFERROR(INDEX('Opportunities'!$AB$6:$AB$205,MATCH($P23,'Opportunities'!$A$6:$A$205,0)),""))) | AH23: =IF($A23="","",IF($P23="","",IFERROR(($U23+$V23-$J23-$K23)*24,0))) | AI23: =IF($A23="","",IF($P23="","No load selected",IF($AH23<IFERROR($Z23/'Settings'!$B$11,0)+'Settings'!$B$12,"Too tight",IF($AH23>'Settings'!$B$13,"Long wait","Feasible")))) | AJ23: =IF($A23="","",IF($P23="","",$N23-$Z23-$AB23)) | AK23: =IF($A23="","",IF(COUNTIF($A$6:$A$205,$A23)>1,"Duplicate Trip ID",IF($P23="","Open",IF(COUNTIF('Opportunities'!$A$6:$A$205,$P23)=0,"Load ID not found",IF(COUNTIFS('Opportunities'!$A$6:$A$205,$P23,'Opportunities'!$B$6:$B$205,$A23)=0,"Trip mismatch",IF(COUNTIF($P$6:$P$205,$P23)>1,"Duplicate selection",IF(AND(OR($O23="Booked",$O23="Completed"),AND($Q23<>"Booked",$Q23<>"Completed")),"Status mismatch","OK")))))))
Q24: =IF($A24="","",IF($P24="","",IFERROR(INDEX('Opportunities'!$C$6:$C$205,MATCH($P24,'Opportunities'!$A$6:$A$205,0)),""))) | R24: =IF($A24="","",IF($P24="","",IFERROR(INDEX('Opportunities'!$D$6:$D$205,MATCH($P24,'Opportunities'!$A$6:$A$205,0)),""))) | S24: =IF($A24="","",IF($P24="","",IFERROR(INDEX('Opportunities'!$E$6:$E$205,MATCH($P24,'Opportunities'!$A$6:$A$205,0)),""))) | T24: =IF($A24="","",IF($P24="","",IFERROR(INDEX('Opportunities'!$F$6:$F$205,MATCH($P24,'Opportunities'!$A$6:$A$205,0)),""))) | U24: =IF($A24="","",IF($P24="","",IFERROR(INDEX('Opportunities'!$G$6:$G$205,MATCH($P24,'Opportunities'!$A$6:$A$205,0)),""))) | V24: =IF($A24="","",IF($P24="","",IFERROR(INDEX('Opportunities'!$H$6:$H$205,MATCH($P24,'Opportunities'!$A$6:$A$205,0)),""))) | W24: =IF($A24="","",IF($P24="","",IFERROR(INDEX('Opportunities'!$I$6:$I$205,MATCH($P24,'Opportunities'!$A$6:$A$205,0)),""))) | X24: =IF($A24="","",IF($P24="","",IFERROR(INDEX('Opportunities'!$J$6:$J$205,MATCH($P24,'Opportunities'!$A$6:$A$205,0)),""))) | Y24: =IF($A24="","",IF($P24="","",IFERROR(INDEX('Opportunities'!$K$6:$K$205,MATCH($P24,'Opportunities'!$A$6:$A$205,0)),""))) | Z24: =IF($A24="","",IF($P24="","",IFERROR(INDEX('Opportunities'!$O$6:$O$205,MATCH($P24,'Opportunities'!$A$6:$A$205,0)),""))) | AA24: =IF($A24="","",IF($P24="","",IFERROR(INDEX('Opportunities'!$P$6:$P$205,MATCH($P24,'Opportunities'!$A$6:$A$205,0)),""))) | AB24: =IF($A24="","",IF($P24="","",IFERROR(INDEX('Opportunities'!$Q$6:$Q$205,MATCH($P24,'Opportunities'!$A$6:$A$205,0)),""))) | AC24: =IF($A24="","",IF($P24="","",IFERROR(INDEX('Opportunities'!$Z$6:$Z$205,MATCH($P24,'Opportunities'!$A$6:$A$205,0)),""))) | AD24: =IF($A24="","",IF($P24="","",IFERROR(INDEX('Opportunities'!$AJ$6:$AJ$205,MATCH($P24,'Opportunities'!$A$6:$A$205,0)),""))) | AE24: =IF($A24="","",IF($P24="","",IFERROR(INDEX('Opportunities'!$AA$6:$AA$205,MATCH($P24,'Opportunities'!$A$6:$A$205,0)),""))) | AF24: =IF($A24="","",IF($P24="","",IFERROR(INDEX('Opportunities'!$AF$6:$AF$205,MATCH($P24,'Opportunities'!$A$6:$A$205,0)),""))) | AG24: =IF($A24="","",IF($P24="","",IFERROR(INDEX('Opportunities'!$AB$6:$AB$205,MATCH($P24,'Opportunities'!$A$6:$A$205,0)),""))) | AH24: =IF($A24="","",IF($P24="","",IFERROR(($U24+$V24-$J24-$K24)*24,0))) | AI24: =IF($A24="","",IF($P24="","No load selected",IF($AH24<IFERROR($Z24/'Settings'!$B$11,0)+'Settings'!$B$12,"Too tight",IF($AH24>'Settings'!$B$13,"Long wait","Feasible")))) | AJ24: =IF($A24="","",IF($P24="","",$N24-$Z24-$AB24)) | AK24: =IF($A24="","",IF(COUNTIF($A$6:$A$205,$A24)>1,"Duplicate Trip ID",IF($P24="","Open",IF(COUNTIF('Opportunities'!$A$6:$A$205,$P24)=0,"Load ID not found",IF(COUNTIFS('Opportunities'!$A$6:$A$205,$P24,'Opportunities'!$B$6:$B$205,$A24)=0,"Trip mismatch",IF(COUNTIF($P$6:$P$205,$P24)>1,"Duplicate selection",IF(AND(OR($O24="Booked",$O24="Completed"),AND($Q24<>"Booked",$Q24<>"Completed")),"Status mismatch","OK")))))))
Q25: =IF($A25="","",IF($P25="","",IFERROR(INDEX('Opportunities'!$C$6:$C$205,MATCH($P25,'Opportunities'!$A$6:$A$205,0)),""))) | R25: =IF($A25="","",IF($P25="","",IFERROR(INDEX('Opportunities'!$D$6:$D$205,MATCH($P25,'Opportunities'!$A$6:$A$205,0)),""))) | S25: =IF($A25="","",IF($P25="","",IFERROR(INDEX('Opportunities'!$E$6:$E$205,MATCH($P25,'Opportunities'!$A$6:$A$205,0)),""))) | T25: =IF($A25="","",IF($P25="","",IFERROR(INDEX('Opportunities'!$F$6:$F$205,MATCH($P25,'Opportunities'!$A$6:$A$205,0)),""))) | U25: =IF($A25="","",IF($P25="","",IFERROR(INDEX('Opportunities'!$G$6:$G$205,MATCH($P25,'Opportunities'!$A$6:$A$205,0)),""))) | V25: =IF($A25="","",IF($P25="","",IFERROR(INDEX('Opportunities'!$H$6:$H$205,MATCH($P25,'Opportunities'!$A$6:$A$205,0)),""))) | W25: =IF($A25="","",IF($P25="","",IFERROR(INDEX('Opportunities'!$I$6:$I$205,MATCH($P25,'Opportunities'!$A$6:$A$205,0)),""))) | X25: =IF($A25="","",IF($P25="","",IFERROR(INDEX('Opportunities'!$J$6:$J$205,MATCH($P25,'Opportunities'!$A$6:$A$205,0)),""))) | Y25: =IF($A25="","",IF($P25="","",IFERROR(INDEX('Opportunities'!$K$6:$K$205,MATCH($P25,'Opportunities'!$A$6:$A$205,0)),""))) | Z25: =IF($A25="","",IF($P25="","",IFERROR(INDEX('Opportunities'!$O$6:$O$205,MATCH($P25,'Opportunities'!$A$6:$A$205,0)),""))) | AA25: =IF($A25="","",IF($P25="","",IFERROR(INDEX('Opportunities'!$P$6:$P$205,MATCH($P25,'Opportunities'!$A$6:$A$205,0)),""))) | AB25: =IF($A25="","",IF($P25="","",IFERROR(INDEX('Opportunities'!$Q$6:$Q$205,MATCH($P25,'Opportunities'!$A$6:$A$205,0)),""))) | AC25: =IF($A25="","",IF($P25="","",IFERROR(INDEX('Opportunities'!$Z$6:$Z$205,MATCH($P25,'Opportunities'!$A$6:$A$205,0)),""))) | AD25: =IF($A25="","",IF($P25="","",IFERROR(INDEX('Opportunities'!$AJ$6:$AJ$205,MATCH($P25,'Opportunities'!$A$6:$A$205,0)),""))) | AE25: =IF($A25="","",IF($P25="","",IFERROR(INDEX('Opportunities'!$AA$6:$AA$205,MATCH($P25,'Opportunities'!$A$6:$A$205,0)),""))) | AF25: =IF($A25="","",IF($P25="","",IFERROR(INDEX('Opportunities'!$AF$6:$AF$205,MATCH($P25,'Opportunities'!$A$6:$A$205,0)),""))) | AG25: =IF($A25="","",IF($P25="","",IFERROR(INDEX('Opportunities'!$AB$6:$AB$205,MATCH($P25,'Opportunities'!$A$6:$A$205,0)),""))) | AH25: =IF($A25="","",IF($P25="","",IFERROR(($U25+$V25-$J25-$K25)*24,0))) | AI25: =IF($A25="","",IF($P25="","No load selected",IF($AH25<IFERROR($Z25/'Settings'!$B$11,0)+'Settings'!$B$12,"Too tight",IF($AH25>'Settings'!$B$13,"Long wait","Feasible")))) | AJ25: =IF($A25="","",IF($P25="","",$N25-$Z25-$AB25)) | AK25: =IF($A25="","",IF(COUNTIF($A$6:$A$205,$A25)>1,"Duplicate Trip ID",IF($P25="","Open",IF(COUNTIF('Opportunities'!$A$6:$A$205,$P25)=0,"Load ID not found",IF(COUNTIFS('Opportunities'!$A$6:$A$205,$P25,'Opportunities'!$B$6:$B$205,$A25)=0,"Trip mismatch",IF(COUNTIF($P$6:$P$205,$P25)>1,"Duplicate selection",IF(AND(OR($O25="Booked",$O25="Completed"),AND($Q25<>"Booked",$Q25<>"Completed")),"Status mismatch","OK")))))))
Q26: =IF($A26="","",IF($P26="","",IFERROR(INDEX('Opportunities'!$C$6:$C$205,MATCH($P26,'Opportunities'!$A$6:$A$205,0)),""))) | R26: =IF($A26="","",IF($P26="","",IFERROR(INDEX('Opportunities'!$D$6:$D$205,MATCH($P26,'Opportunities'!$A$6:$A$205,0)),""))) | S26: =IF($A26="","",IF($P26="","",IFERROR(INDEX('Opportunities'!$E$6:$E$205,MATCH($P26,'Opportunities'!$A$6:$A$205,0)),""))) | T26: =IF($A26="","",IF($P26="","",IFERROR(INDEX('Opportunities'!$F$6:$F$205,MATCH($P26,'Opportunities'!$A$6:$A$205,0)),""))) | U26: =IF($A26="","",IF($P26="","",IFERROR(INDEX('Opportunities'!$G$6:$G$205,MATCH($P26,'Opportunities'!$A$6:$A$205,0)),""))) | V26: =IF($A26="","",IF($P26="","",IFERROR(INDEX('Opportunities'!$H$6:$H$205,MATCH($P26,'Opportunities'!$A$6:$A$205,0)),""))) | W26: =IF($A26="","",IF($P26="","",IFERROR(INDEX('Opportunities'!$I$6:$I$205,MATCH($P26,'Opportunities'!$A$6:$A$205,0)),""))) | X26: =IF($A26="","",IF($P26="","",IFERROR(INDEX('Opportunities'!$J$6:$J$205,MATCH($P26,'Opportunities'!$A$6:$A$205,0)),""))) | Y26: =IF($A26="","",IF($P26="","",IFERROR(INDEX('Opportunities'!$K$6:$K$205,MATCH($P26,'Opportunities'!$A$6:$A$205,0)),""))) | Z26: =IF($A26="","",IF($P26="","",IFERROR(INDEX('Opportunities'!$O$6:$O$205,MATCH($P26,'Opportunities'!$A$6:$A$205,0)),""))) | AA26: =IF($A26="","",IF($P26="","",IFERROR(INDEX('Opportunities'!$P$6:$P$205,MATCH($P26,'Opportunities'!$A$6:$A$205,0)),""))) | AB26: =IF($A26="","",IF($P26="","",IFERROR(INDEX('Opportunities'!$Q$6:$Q$205,MATCH($P26,'Opportunities'!$A$6:$A$205,0)),""))) | AC26: =IF($A26="","",IF($P26="","",IFERROR(INDEX('Opportunities'!$Z$6:$Z$205,MATCH($P26,'Opportunities'!$A$6:$A$205,0)),""))) | AD26: =IF($A26="","",IF($P26="","",IFERROR(INDEX('Opportunities'!$AJ$6:$AJ$205,MATCH($P26,'Opportunities'!$A$6:$A$205,0)),""))) | AE26: =IF($A26="","",IF($P26="","",IFERROR(INDEX('Opportunities'!$AA$6:$AA$205,MATCH($P26,'Opportunities'!$A$6:$A$205,0)),""))) | AF26: =IF($A26="","",IF($P26="","",IFERROR(INDEX('Opportunities'!$AF$6:$AF$205,MATCH($P26,'Opportunities'!$A$6:$A$205,0)),""))) | AG26: =IF($A26="","",IF($P26="","",IFERROR(INDEX('Opportunities'!$AB$6:$AB$205,MATCH($P26,'Opportunities'!$A$6:$A$205,0)),""))) | AH26: =IF($A26="","",IF($P26="","",IFERROR(($U26+$V26-$J26-$K26)*24,0))) | AI26: =IF($A26="","",IF($P26="","No load selected",IF($AH26<IFERROR($Z26/'Settings'!$B$11,0)+'Settings'!$B$12,"Too tight",IF($AH26>'Settings'!$B$13,"Long wait","Feasible")))) | AJ26: =IF($A26="","",IF($P26="","",$N26-$Z26-$AB26)) | AK26: =IF($A26="","",IF(COUNTIF($A$6:$A$205,$A26)>1,"Duplicate Trip ID",IF($P26="","Open",IF(COUNTIF('Opportunities'!$A$6:$A$205,$P26)=0,"Load ID not found",IF(COUNTIFS('Opportunities'!$A$6:$A$205,$P26,'Opportunities'!$B$6:$B$205,$A26)=0,"Trip mismatch",IF(COUNTIF($P$6:$P$205,$P26)>1,"Duplicate selection",IF(AND(OR($O26="Booked",$O26="Completed"),AND($Q26<>"Booked",$Q26<>"Completed")),"Status mismatch","OK")))))))
Q27: =IF($A27="","",IF($P27="","",IFERROR(INDEX('Opportunities'!$C$6:$C$205,MATCH($P27,'Opportunities'!$A$6:$A$205,0)),""))) | R27: =IF($A27="","",IF($P27="","",IFERROR(INDEX('Opportunities'!$D$6:$D$205,MATCH($P27,'Opportunities'!$A$6:$A$205,0)),""))) | S27: =IF($A27="","",IF($P27="","",IFERROR(INDEX('Opportunities'!$E$6:$E$205,MATCH($P27,'Opportunities'!$A$6:$A$205,0)),""))) | T27: =IF($A27="","",IF($P27="","",IFERROR(INDEX('Opportunities'!$F$6:$F$205,MATCH($P27,'Opportunities'!$A$6:$A$205,0)),""))) | U27: =IF($A27="","",IF($P27="","",IFERROR(INDEX('Opportunities'!$G$6:$G$205,MATCH($P27,'Opportunities'!$A$6:$A$205,0)),""))) | V27: =IF($A27="","",IF($P27="","",IFERROR(INDEX('Opportunities'!$H$6:$H$205,MATCH($P27,'Opportunities'!$A$6:$A$205,0)),""))) | W27: =IF($A27="","",IF($P27="","",IFERROR(INDEX('Opportunities'!$I$6:$I$205,MATCH($P27,'Opportunities'!$A$6:$A$205,0)),""))) | X27: =IF($A27="","",IF($P27="","",IFERROR(INDEX('Opportunities'!$J$6:$J$205,MATCH($P27,'Opportunities'!$A$6:$A$205,0)),""))) | Y27: =IF($A27="","",IF($P27="","",IFERROR(INDEX('Opportunities'!$K$6:$K$205,MATCH($P27,'Opportunities'!$A$6:$A$205,0)),""))) | Z27: =IF($A27="","",IF($P27="","",IFERROR(INDEX('Opportunities'!$O$6:$O$205,MATCH($P27,'Opportunities'!$A$6:$A$205,0)),""))) | AA27: =IF($A27="","",IF($P27="","",IFERROR(INDEX('Opportunities'!$P$6:$P$205,MATCH($P27,'Opportunities'!$A$6:$A$205,0)),""))) | AB27: =IF($A27="","",IF($P27="","",IFERROR(INDEX('Opportunities'!$Q$6:$Q$205,MATCH($P27,'Opportunities'!$A$6:$A$205,0)),""))) | AC27: =IF($A27="","",IF($P27="","",IFERROR(INDEX('Opportunities'!$Z$6:$Z$205,MATCH($P27,'Opportunities'!$A$6:$A$205,0)),""))) | AD27: =IF($A27="","",IF($P27="","",IFERROR(INDEX('Opportunities'!$AJ$6:$AJ$205,MATCH($P27,'Opportunities'!$A$6:$A$205,0)),""))) | AE27: =IF($A27="","",IF($P27="","",IFERROR(INDEX('Opportunities'!$AA$6:$AA$205,MATCH($P27,'Opportunities'!$A$6:$A$205,0)),""))) | AF27: =IF($A27="","",IF($P27="","",IFERROR(INDEX('Opportunities'!$AF$6:$AF$205,MATCH($P27,'Opportunities'!$A$6:$A$205,0)),""))) | AG27: =IF($A27="","",IF($P27="","",IFERROR(INDEX('Opportunities'!$AB$6:$AB$205,MATCH($P27,'Opportunities'!$A$6:$A$205,0)),""))) | AH27: =IF($A27="","",IF($P27="","",IFERROR(($U27+$V27-$J27-$K27)*24,0))) | AI27: =IF($A27="","",IF($P27="","No load selected",IF($AH27<IFERROR($Z27/'Settings'!$B$11,0)+'Settings'!$B$12,"Too tight",IF($AH27>'Settings'!$B$13,"Long wait","Feasible")))) | AJ27: =IF($A27="","",IF($P27="","",$N27-$Z27-$AB27)) | AK27: =IF($A27="","",IF(COUNTIF($A$6:$A$205,$A27)>1,"Duplicate Trip ID",IF($P27="","Open",IF(COUNTIF('Opportunities'!$A$6:$A$205,$P27)=0,"Load ID not found",IF(COUNTIFS('Opportunities'!$A$6:$A$205,$P27,'Opportunities'!$B$6:$B$205,$A27)=0,"Trip mismatch",IF(COUNTIF($P$6:$P$205,$P27)>1,"Duplicate selection",IF(AND(OR($O27="Booked",$O27="Completed"),AND($Q27<>"Booked",$Q27<>"Completed")),"Status mismatch","OK")))))))
... Q205: =IF($A205="","",IF($P205="","",IFERROR(INDEX('Opportunities'!$C$6:$C$205,MATCH($P205,'Opportunities'!$A$6:$A$205,0)),""))) | R205: =IF($A205="","",IF($P205="","",IFERROR(INDEX('Opportunities'!$D$6:$D$205,MATCH($P205,'Opportunities'!$A$6:$A$205,0)),""))) | S205: =IF($A205="","",IF($P205="","",IFERROR(INDEX('Opportunities'!$E$6:$E$205,MATCH($P205,'Opportunities'!$A$6:$A$205,0)),""))) | T205: =IF($A205="","",IF($P205="","",IFERROR(INDEX('Opportunities'!$F$6:$F$205,MATCH($P205,'Opportunities'!$A$6:$A$205,0)),""))) | U205: =IF($A205="","",IF($P205="","",IFERROR(INDEX('Opportunities'!$G$6:$G$205,MATCH($P205,'Opportunities'!$A$6:$A$205,0)),""))) | V205: =IF($A205="","",IF($P205="","",IFERROR(INDEX('Opportunities'!$H$6:$H$205,MATCH($P205,'Opportunities'!$A$6:$A$205,0)),""))) | W205: =IF($A205="","",IF($P205="","",IFERROR(INDEX('Opportunities'!$I$6:$I$205,MATCH($P205,'Opportunities'!$A$6:$A$205,0)),""))) | X205: =IF($A205="","",IF($P205="","",IFERROR(INDEX('Opportunities'!$J$6:$J$205,MATCH($P205,'Opportunities'!$A$6:$A$205,0)),""))) | Y205: =IF($A205="","",IF($P205="","",IFERROR(INDEX('Opportunities'!$K$6:$K$205,MATCH($P205,'Opportunities'!$A$6:$A$205,0)),""))) | Z205: =IF($A205="","",IF($P205="","",IFERROR(INDEX('Opportunities'!$O$6:$O$205,MATCH($P205,'Opportunities'!$A$6:$A$205,0)),""))) | AA205: =IF($A205="","",IF($P205="","",IFERROR(INDEX('Opportunities'!$P$6:$P$205,MATCH($P205,'Opportunities'!$A$6:$A$205,0)),""))) | AB205: =IF($A205="","",IF($P205="","",IFERROR(INDEX('Opportunities'!$Q$6:$Q$205,MATCH($P205,'Opportunities'!$A$6:$A$205,0)),""))) | AC205: =IF($A205="","",IF($P205="","",IFERROR(INDEX('Opportunities'!$Z$6:$Z$205,MATCH($P205,'Opportunities'!$A$6:$A$205,0)),""))) | AD205: =IF($A205="","",IF($P205="","",IFERROR(INDEX('Opportunities'!$AJ$6:$AJ$205,MATCH($P205,'Opportunities'!$A$6:$A$205,0)),""))) | AE205: =IF($A205="","",IF($P205="","",IFERROR(INDEX('Opportunities'!$AA$6:$AA$205,MATCH($P205,'Opportunities'!$A$6:$A$205,0)),""))) | AF205: =IF($A205="","",IF($P205="","",IFERROR(INDEX('Opportunities'!$AF$6:$AF$205,MATCH($P205,'Opportunities'!$A$6:$A$205,0)),""))) | AG205: =IF($A205="","",IF($P205="","",IFERROR(INDEX('Opportunities'!$AB$6:$AB$205,MATCH($P205,'Opportunities'!$A$6:$A$205,0)),""))) | AH205: =IF($A205="","",IF($P205="","",IFERROR(($U205+$V205-$J205-$K205)*24,0))) | AI205: =IF($A205="","",IF($P205="","No load selected",IF($AH205<IFERROR($Z205/'Settings'!$B$11,0)+'Settings'!$B$12,"Too tight",IF($AH205>'Settings'!$B$13,"Long wait","Feasible")))) | AJ205: =IF($A205="","",IF($P205="","",$N205-$Z205-$AB205)) | AK205: =IF($A205="","",IF(COUNTIF($A$6:$A$205,$A205)>1,"Duplicate Trip ID",IF($P205="","Open",IF(COUNTIF('Opportunities'!$A$6:$A$205,$P205)=0,"Load ID not found",IF(COUNTIFS('Opportunities'!$A$6:$A$205,$P205,'Opportunities'!$B$6:$B$205,$A205)=0,"Trip mismatch",IF(COUNTIF($P$6:$P$205,$P205)>1,"Duplicate selection",IF(AND(OR($O205="Booked",$O205="Completed"),AND($Q205<>"Booked",$Q205<>"Completed")),"Status mismatch","OK")))))))

Sheet Opportunities
A1: Backhaul Opportunities
A2: Enter load details in yellow cells. Blue cells estimate route economics relative to the assigned trip's direct empty return.
A3: Legend | B3: Pale yellow = User input | C3: Pale blue = Calculated | D3: Red or amber = Review required
A5: Load ID | B5: Target Trip ID | C5: Status | D5: Broker/Customer | E5: Pickup City | F5: Pickup State | G5: Pickup Date | H5: Pickup Time | I5: Delivery City | J5: Delivery State | K5: Delivery Date | L5: Delivery Time | M5: Equipment | N5: Weight (lb) | O5: Deadhead Miles | P5: Loaded Miles | Q5: Empty Miles to Base | R5: Planned Idle Hours | S5: Linehaul Revenue | T5: Fuel Surcharge | U5: Accessorial Revenue | V5: Broker Fee | W5: Contact | X5: Quote Expires | Y5: Notes | Z5: Gross Revenue | AA5: Revenue/Loaded Mile | AB5: Actual Return Miles | AC5: Baseline Empty Return Miles | AD5: Empty Miles Avoided | AE5: Incremental Miles | AF5: Estimated Fuel Gallons | AG5: Estimated Fuel Cost | AH5: Incremental Variable Cost | AI5: Wait Cost | AJ5: Estimated Net Contribution | AK5: Contribution/Actual Mile | AL5: Recommendation | AM5: Data Check
A6: BH-1001 | B6: TRP-2501 | C6: Completed | D6: Blue Ridge Logistics | E6: Greenwood | F6: IN | G6: 46269 | H6: 0.4375 | I6: Columbus | J6: OH | K6: 46269 | L6: 0.64583333 | M6: Dry Van | N6: 42000 | O6: 18 | P6: 178 | Q6: 8 | R6: 0.5 | S6: 520 | T6: 85 | U6: 20 | V6: 25 | W6: Jordan Lee, 555-0101 | X6: 46269.406 | Y6: Completed without accessorial dispute. | Z6: =IF($A6="","",SUM($S6:$U6)) | AA6: =IF($A6="","",IFERROR($Z6/$P6,0)) | AB6: =IF($A6="","",SUM($O6:$Q6)) | AC6: =IF($A6="","",IFERROR(INDEX('Planner'!$N$6:$N$205,MATCH($B6,'Planner'!$A$6:$A$205,0)),0)) | AD6: =IF($A6="","",$AC6-$O6-$Q6) | AE6: =IF($A6="","",$AB6-$AC6) | AF6: =IF($A6="","",IFERROR($AB6/'Settings'!$B$5,0)) | AG6: =IF($A6="","",$AF6*'Settings'!$B$4) | AH6: =IF($A6="","",$AE6*'Settings'!$B$17) | AI6: =IF($A6="","",$R6*'Settings'!$B$7) | AJ6: =IF($A6="","",$Z6-$V6-$AH6-$AI6) | AK6: =IF($A6="","",IFERROR($AJ6/$AB6,0)) | AL6: =IF($A6="","",IF(OR($C6="Passed",$C6="Expired",$C6="Canceled"),$C6,IF($C6="Completed","Completed",IF(AND($O6<='Settings'!$B$8,$AA6>='Settings'!$B$10,$AJ6>='Settings'!$B$9),IF($C6="Booked","Booked - Meets Targets","Meets Targets"),IF($C6="Booked","Booked - Below Target","Review"))))) | AM6: =IF($A6="","",IF(COUNTIF($A$6:$A$205,$A6)>1,"Duplicate Load ID",IF(COUNTIF('Planner'!$A$6:$A$205,$B6)=0,"Trip ID not found",IF(($G6+$H6)>($K6+$L6),"Check schedule",IF(MIN($N6,$O6,$P6,$Q6,$R6,$S6,$T6,$U6,$V6)<0,"Negative value","OK")))))
A7: BH-1002 | B7: TRP-2502 | C7: Booked | D7: Riverbend Produce | E7: Murfreesboro | F7: TN | G7: 46273 | H7: 0.5 | I7: Louisville | J7: KY | K7: 46273 | L7: 0.72916667 | M7: Reefer | N7: 40000 | O7: 36 | P7: 190 | Q7: 12 | R7: 1 | S7: 600 | T7: 95 | U7: 35 | V7: 35 | W7: Mia Carter, 555-0102 | X7: 46273.438 | Y7: Maintain 36 degrees. | Z7: =IF($A7="","",SUM($S7:$U7)) | AA7: =IF($A7="","",IFERROR($Z7/$P7,0)) | AB7: =IF($A7="","",SUM($O7:$Q7)) | AC7: =IF($A7="","",IFERROR(INDEX('Planner'!$N$6:$N$205,MATCH($B7,'Planner'!$A$6:$A$205,0)),0)) | AD7: =IF($A7="","",$AC7-$O7-$Q7) | AE7: =IF($A7="","",$AB7-$AC7) | AF7: =IF($A7="","",IFERROR($AB7/'Settings'!$B$5,0)) | AG7: =IF($A7="","",$AF7*'Settings'!$B$4) | AH7: =IF($A7="","",$AE7*'Settings'!$B$17) | AI7: =IF($A7="","",$R7*'Settings'!$B$7) | AJ7: =IF($A7="","",$Z7-$V7-$AH7-$AI7) | AK7: =IF($A7="","",IFERROR($AJ7/$AB7,0)) | AL7: =IF($A7="","",IF(OR($C7="Passed",$C7="Expired",$C7="Canceled"),$C7,IF($C7="Completed","Completed",IF(AND($O7<='Settings'!$B$8,$AA7>='Settings'!$B$10,$AJ7>='Settings'!$B$9),IF($C7="Booked","Booked - Meets Targets","Meets Targets"),IF($C7="Booked","Booked - Below Target","Review"))))) | AM7: =IF($A7="","",IF(COUNTIF($A$6:$A$205,$A7)>1,"Duplicate Load ID",IF(COUNTIF('Planner'!$A$6:$A$205,$B7)=0,"Trip ID not found",IF(($G7+$H7)>($K7+$L7),"Check schedule",IF(MIN($N7,$O7,$P7,$Q7,$R7,$S7,$T7,$U7,$V7)<0,"Negative value","OK")))))
A8: BH-1003 | B8: TRP-2503 | C8: Hold | D8: Lakeshore Freight | E8: Joliet | F8: IL | G8: 46274 | H8: 0.54166667 | I8: Grand Rapids | J8: MI | K8: 46274 | L8: 0.79166667 | M8: Dry Van | N8: 38500 | O8: 44 | P8: 175 | Q8: 10 | R8: 1 | S8: 525 | T8: 85 | U8: 0 | V8: 30 | W8: Owen Blake, 555-0103 | X8: 46274.479 | Y8: Rate confirmation pending. | Z8: =IF($A8="","",SUM($S8:$U8)) | AA8: =IF($A8="","",IFERROR($Z8/$P8,0)) | AB8: =IF($A8="","",SUM($O8:$Q8)) | AC8: =IF($A8="","",IFERROR(INDEX('Planner'!$N$6:$N$205,MATCH($B8,'Planner'!$A$6:$A$205,0)),0)) | AD8: =IF($A8="","",$AC8-$O8-$Q8) | AE8: =IF($A8="","",$AB8-$AC8) | AF8: =IF($A8="","",IFERROR($AB8/'Settings'!$B$5,0)) | AG8: =IF($A8="","",$AF8*'Settings'!$B$4) | AH8: =IF($A8="","",$AE8*'Settings'!$B$17) | AI8: =IF($A8="","",$R8*'Settings'!$B$7) | AJ8: =IF($A8="","",$Z8-$V8-$AH8-$AI8) | AK8: =IF($A8="","",IFERROR($AJ8/$AB8,0)) | AL8: =IF($A8="","",IF(OR($C8="Passed",$C8="Expired",$C8="Canceled"),$C8,IF($C8="Completed","Completed",IF(AND($O8<='Settings'!$B$8,$AA8>='Settings'!$B$10,$AJ8>='Settings'!$B$9),IF($C8="Booked","Booked - Meets Targets","Meets Targets"),IF($C8="Booked","Booked - Below Target","Review"))))) | AM8: =IF($A8="","",IF(COUNTIF($A$6:$A$205,$A8)>1,"Duplicate Load ID",IF(COUNTIF('Planner'!$A$6:$A$205,$B8)=0,"Trip ID not found",IF(($G8+$H8)>($K8+$L8),"Check schedule",IF(MIN($N8,$O8,$P8,$Q8,$R8,$S8,$T8,$U8,$V8)<0,"Negative value","OK")))))
A9: BH-1004 | B9: TRP-2504 | C9: Quoted | D9: Piedmont Distribution | E9: Marietta | F9: GA | G9: 46275 | H9: 0.54166667 | I9: Charlotte | J9: NC | K9: 46275 | L9: 0.83333333 | M9: Dry Van | N9: 41000 | O9: 20 | P9: 250 | Q9: 10 | R9: 0.5 | S9: 650 | T9: 105 | U9: 0 | V9: 35 | W9: Nora Evans, 555-0104 | X9: 46274.708 | Y9: Driver-assist unload not included. | Z9: =IF($A9="","",SUM($S9:$U9)) | AA9: =IF($A9="","",IFERROR($Z9/$P9,0)) | AB9: =IF($A9="","",SUM($O9:$Q9)) | AC9: =IF($A9="","",IFERROR(INDEX('Planner'!$N$6:$N$205,MATCH($B9,'Planner'!$A$6:$A$205,0)),0)) | AD9: =IF($A9="","",$AC9-$O9-$Q9) | AE9: =IF($A9="","",$AB9-$AC9) | AF9: =IF($A9="","",IFERROR($AB9/'Settings'!$B$5,0)) | AG9: =IF($A9="","",$AF9*'Settings'!$B$4) | AH9: =IF($A9="","",$AE9*'Settings'!$B$17) | AI9: =IF($A9="","",$R9*'Settings'!$B$7) | AJ9: =IF($A9="","",$Z9-$V9-$AH9-$AI9) | AK9: =IF($A9="","",IFERROR($AJ9/$AB9,0)) | AL9: =IF($A9="","",IF(OR($C9="Passed",$C9="Expired",$C9="Canceled"),$C9,IF($C9="Completed","Completed",IF(AND($O9<='Settings'!$B$8,$AA9>='Settings'!$B$10,$AJ9>='Settings'!$B$9),IF($C9="Booked","Booked - Meets Targets","Meets Targets"),IF($C9="Booked","Booked - Below Target","Review"))))) | AM9: =IF($A9="","",IF(COUNTIF($A$6:$A$205,$A9)>1,"Duplicate Load ID",IF(COUNTIF('Planner'!$A$6:$A$205,$B9)=0,"Trip ID not found",IF(($G9+$H9)>($K9+$L9),"Check schedule",IF(MIN($N9,$O9,$P9,$Q9,$R9,$S9,$T9,$U9,$V9)<0,"Negative value","OK")))))
A10: BH-1005 | B10: TRP-2505 | C10: Booked | D10: Red River Brokerage | E10: Fort Worth | F10: TX | G10: 46276 | H10: 0.4375 | I10: Oklahoma City | J10: OK | K10: 46276 | L10: 0.6875 | M10: Dry Van | N10: 39000 | O10: 34 | P10: 205 | Q10: 18 | R10: 0.5 | S10: 380 | T10: 45 | U10: 0 | V10: 25 | W10: Ethan Cole, 555-0105 | X10: 46276.396 | Y10: Low contribution; accepted for service need. | Z10: =IF($A10="","",SUM($S10:$U10)) | AA10: =IF($A10="","",IFERROR($Z10/$P10,0)) | AB10: =IF($A10="","",SUM($O10:$Q10)) | AC10: =IF($A10="","",IFERROR(INDEX('Planner'!$N$6:$N$205,MATCH($B10,'Planner'!$A$6:$A$205,0)),0)) | AD10: =IF($A10="","",$AC10-$O10-$Q10) | AE10: =IF($A10="","",$AB10-$AC10) | AF10: =IF($A10="","",IFERROR($AB10/'Settings'!$B$5,0)) | AG10: =IF($A10="","",$AF10*'Settings'!$B$4) | AH10: =IF($A10="","",$AE10*'Settings'!$B$17) | AI10: =IF($A10="","",$R10*'Settings'!$B$7) | AJ10: =IF($A10="","",$Z10-$V10-$AH10-$AI10) | AK10: =IF($A10="","",IFERROR($AJ10/$AB10,0)) | AL10: =IF($A10="","",IF(OR($C10="Passed",$C10="Expired",$C10="Canceled"),$C10,IF($C10="Completed","Completed",IF(AND($O10<='Settings'!$B$8,$AA10>='Settings'!$B$10,$AJ10>='Settings'!$B$9),IF($C10="Booked","Booked - Meets Targets","Meets Targets"),IF($C10="Booked","Booked - Below Target","Review"))))) | AM10: =IF($A10="","",IF(COUNTIF($A$6:$A$205,$A10)>1,"Duplicate Load ID",IF(COUNTIF('Planner'!$A$6:$A$205,$B10)=0,"Trip ID not found",IF(($G10+$H10)>($K10+$L10),"Check schedule",IF(MIN($N10,$O10,$P10,$Q10,$R10,$S10,$T10,$U10,$V10)<0,"Negative value","OK")))))
A11: BH-1006 | B11: TRP-2506 | C11: Passed | D11: Southwest Cold Chain | E11: Tempe | F11: AZ | G11: 46278 | H11: 0.54166667 | I11: Las Vegas | J11: NV | K11: 46278 | L11: 0.875 | M11: Reefer | N11: 41500 | O11: 14 | P11: 300 | Q11: 8 | R11: 2 | S11: 760 | T11: 125 | U11: 0 | V11: 40 | W11: Ava Morgan, 555-0106 | X11: 46277.708 | Y11: Passed due to next-day capacity plan. | Z11: =IF($A11="","",SUM($S11:$U11)) | AA11: =IF($A11="","",IFERROR($Z11/$P11,0)) | AB11: =IF($A11="","",SUM($O11:$Q11)) | AC11: =IF($A11="","",IFERROR(INDEX('Planner'!$N$6:$N$205,MATCH($B11,'Planner'!$A$6:$A$205,0)),0)) | AD11: =IF($A11="","",$AC11-$O11-$Q11) | AE11: =IF($A11="","",$AB11-$AC11) | AF11: =IF($A11="","",IFERROR($AB11/'Settings'!$B$5,0)) | AG11: =IF($A11="","",$AF11*'Settings'!$B$4) | AH11: =IF($A11="","",$AE11*'Settings'!$B$17) | AI11: =IF($A11="","",$R11*'Settings'!$B$7) | AJ11: =IF($A11="","",$Z11-$V11-$AH11-$AI11) | AK11: =IF($A11="","",IFERROR($AJ11/$AB11,0)) | AL11: =IF($A11="","",IF(OR($C11="Passed",$C11="Expired",$C11="Canceled"),$C11,IF($C11="Completed","Completed",IF(AND($O11<='Settings'!$B$8,$AA11>='Settings'!$B$10,$AJ11>='Settings'!$B$9),IF($C11="Booked","Booked - Meets Targets","Meets Targets"),IF($C11="Booked","Booked - Below Target","Review"))))) | AM11: =IF($A11="","",IF(COUNTIF($A$6:$A$205,$A11)>1,"Duplicate Load ID",IF(COUNTIF('Planner'!$A$6:$A$205,$B11)=0,"Trip ID not found",IF(($G11+$H11)>($K11+$L11),"Check schedule",IF(MIN($N11,$O11,$P11,$Q11,$R11,$S11,$T11,$U11,$V11)<0,"Negative value","OK")))))
A12: BH-1007 | B12: TRP-2507 | C12: Completed | D12: Prairie State Transport | E12: Edwardsville | F12: IL | G12: 46271 | H12: 0.4375 | I12: Kansas City | J12: MO | K12: 46271 | L12: 0.70833333 | M12: Dry Van | N12: 43000 | O12: 24 | P12: 250 | Q12: 16 | R12: 0.5 | S12: 610 | T12: 100 | U12: 25 | V12: 30 | W12: Noah Grant, 555-0107 | X12: 46271.396 | Y12: Detention approved in advance. | Z12: =IF($A12="","",SUM($S12:$U12)) | AA12: =IF($A12="","",IFERROR($Z12/$P12,0)) | AB12: =IF($A12="","",SUM($O12:$Q12)) | AC12: =IF($A12="","",IFERROR(INDEX('Planner'!$N$6:$N$205,MATCH($B12,'Planner'!$A$6:$A$205,0)),0)) | AD12: =IF($A12="","",$AC12-$O12-$Q12) | AE12: =IF($A12="","",$AB12-$AC12) | AF12: =IF($A12="","",IFERROR($AB12/'Settings'!$B$5,0)) | AG12: =IF($A12="","",$AF12*'Settings'!$B$4) | AH12: =IF($A12="","",$AE12*'Settings'!$B$17) | AI12: =IF($A12="","",$R12*'Settings'!$B$7) | AJ12: =IF($A12="","",$Z12-$V12-$AH12-$AI12) | AK12: =IF($A12="","",IFERROR($AJ12/$AB12,0)) | AL12: =IF($A12="","",IF(OR($C12="Passed",$C12="Expired",$C12="Canceled"),$C12,IF($C12="Completed","Completed",IF(AND($O12<='Settings'!$B$8,$AA12>='Settings'!$B$10,$AJ12>='Settings'!$B$9),IF($C12="Booked","Booked - Meets Targets","Meets Targets"),IF($C12="Booked","Booked - Below Target","Review"))))) | AM12: =IF($A12="","",IF(COUNTIF($A$6:$A$205,$A12)>1,"Duplicate Load ID",IF(COUNTIF('Planner'!$A$6:$A$205,$B12)=0,"Trip ID not found",IF(($G12+$H12)>($K12+$L12),"Check schedule",IF(MIN($N12,$O12,$P12,$Q12,$R12,$S12,$T12,$U12,$V12)<0,"Negative value","OK")))))
A13: BH-1008 | B13: TRP-2508 | C13: Hold | D13: Northwest Paper Co. | E13: Tacoma | F13: WA | G13: 46280 | H13: 0.54166667 | I13: Portland | J13: OR | K13: 46280 | L13: 0.79166667 | M13: Dry Van | N13: 37000 | O13: 36 | P13: 145 | Q13: 12 | R13: 24 | S13: 480 | T13: 70 | U13: 0 | V13: 25 | W13: Chloe Adams, 555-0108 | X13: 46279.708 | Y13: Long wait makes contribution unattractive. | Z13: =IF($A13="","",SUM($S13:$U13)) | AA13: =IF($A13="","",IFERROR($Z13/$P13,0)) | AB13: =IF($A13="","",SUM($O13:$Q13)) | AC13: =IF($A13="","",IFERROR(INDEX('Planner'!$N$6:$N$205,MATCH($B13,'Planner'!$A$6:$A$205,0)),0)) | AD13: =IF($A13="","",$AC13-$O13-$Q13) | AE13: =IF($A13="","",$AB13-$AC13) | AF13: =IF($A13="","",IFERROR($AB13/'Settings'!$B$5,0)) | AG13: =IF($A13="","",$AF13*'Settings'!$B$4) | AH13: =IF($A13="","",$AE13*'Settings'!$B$17) | AI13: =IF($A13="","",$R13*'Settings'!$B$7) | AJ13: =IF($A13="","",$Z13-$V13-$AH13-$AI13) | AK13: =IF($A13="","",IFERROR($AJ13/$AB13,0)) | AL13: =IF($A13="","",IF(OR($C13="Passed",$C13="Expired",$C13="Canceled"),$C13,IF($C13="Completed","Completed",IF(AND($O13<='Settings'!$B$8,$AA13>='Settings'!$B$10,$AJ13>='Settings'!$B$9),IF($C13="Booked","Booked - Meets Targets","Meets Targets"),IF($C13="Booked","Booked - Below Target","Review"))))) | AM13: =IF($A13="","",IF(COUNTIF($A$6:$A$205,$A13)>1,"Duplicate Load ID",IF(COUNTIF('Planner'!$A$6:$A$205,$B13)=0,"Trip ID not found",IF(($G13+$H13)>($K13+$L13),"Check schedule",IF(MIN($N13,$O13,$P13,$Q13,$R13,$S13,$T13,$U13,$V13)<0,"Negative value","OK")))))
A14: BH-1009 | B14: TRP-2509 | C14: Expired | D14: Sun Coast Foods | E14: Hialeah | F14: FL | G14: 46281 | H14: 0.54166667 | I14: Orlando | J14: FL | K14: 46281 | L14: 0.79166667 | M14: Reefer | N14: 40500 | O14: 15 | P14: 235 | Q14: 10 | R14: 1 | S14: 620 | T14: 105 | U14: 0 | V14: 35 | W14: Leo Bennett, 555-0109 | X14: 46280.5 | Y14: Opportunity expired after outbound cancellation. | Z14: =IF($A14="","",SUM($S14:$U14)) | AA14: =IF($A14="","",IFERROR($Z14/$P14,0)) | AB14: =IF($A14="","",SUM($O14:$Q14)) | AC14: =IF($A14="","",IFERROR(INDEX('Planner'!$N$6:$N$205,MATCH($B14,'Planner'!$A$6:$A$205,0)),0)) | AD14: =IF($A14="","",$AC14-$O14-$Q14) | AE14: =IF($A14="","",$AB14-$AC14) | AF14: =IF($A14="","",IFERROR($AB14/'Settings'!$B$5,0)) | AG14: =IF($A14="","",$AF14*'Settings'!$B$4) | AH14: =IF($A14="","",$AE14*'Settings'!$B$17) | AI14: =IF($A14="","",$R14*'Settings'!$B$7) | AJ14: =IF($A14="","",$Z14-$V14-$AH14-$AI14) | AK14: =IF($A14="","",IFERROR($AJ14/$AB14,0)) | AL14: =IF($A14="","",IF(OR($C14="Passed",$C14="Expired",$C14="Canceled"),$C14,IF($C14="Completed","Completed",IF(AND($O14<='Settings'!$B$8,$AA14>='Settings'!$B$10,$AJ14>='Settings'!$B$9),IF($C14="Booked","Booked - Meets Targets","Meets Targets"),IF($C14="Booked","Booked - Below Target","Review"))))) | AM14: =IF($A14="","",IF(COUNTIF($A$6:$A$205,$A14)>1,"Duplicate Load ID",IF(COUNTIF('Planner'!$A$6:$A$205,$B14)=0,"Trip ID not found",IF(($G14+$H14)>($K14+$L14),"Check schedule",IF(MIN($N14,$O14,$P14,$Q14,$R14,$S14,$T14,$U14,$V14)<0,"Negative value","OK")))))
A15: BH-1010 | B15: TRP-2510 | C15: Booked | D15: Delta Industrial Freight | E15: Bessemer | F15: AL | G15: 46282 | H15: 0.45833333 | I15: Memphis | J15: TN | K15: 46282 | L15: 0.72916667 | M15: Flatbed | N15: 44000 | O15: 15 | P15: 235 | Q15: 10 | R15: 0.5 | S15: 590 | T15: 95 | U15: 20 | V15: 30 | W15: Grace Turner, 555-0110 | X15: 46282.396 | Y15: Confirm tarp and securement details. | Z15: =IF($A15="","",SUM($S15:$U15)) | AA15: =IF($A15="","",IFERROR($Z15/$P15,0)) | AB15: =IF($A15="","",SUM($O15:$Q15)) | AC15: =IF($A15="","",IFERROR(INDEX('Planner'!$N$6:$N$205,MATCH($B15,'Planner'!$A$6:$A$205,0)),0)) | AD15: =IF($A15="","",$AC15-$O15-$Q15) | AE15: =IF($A15="","",$AB15-$AC15) | AF15: =IF($A15="","",IFERROR($AB15/'Settings'!$B$5,0)) | AG15: =IF($A15="","",$AF15*'Settings'!$B$4) | AH15: =IF($A15="","",$AE15*'Settings'!$B$17) | AI15: =IF($A15="","",$R15*'Settings'!$B$7) | AJ15: =IF($A15="","",$Z15-$V15-$AH15-$AI15) | AK15: =IF($A15="","",IFERROR($AJ15/$AB15,0)) | AL15: =IF($A15="","",IF(OR($C15="Passed",$C15="Expired",$C15="Canceled"),$C15,IF($C15="Completed","Completed",IF(AND($O15<='Settings'!$B$8,$AA15>='Settings'!$B$10,$AJ15>='Settings'!$B$9),IF($C15="Booked","Booked - Meets Targets","Meets Targets"),IF($C15="Booked","Booked - Below Target","Review"))))) | AM15: =IF($A15="","",IF(COUNTIF($A$6:$A$205,$A15)>1,"Duplicate Load ID",IF(COUNTIF('Planner'!$A$6:$A$205,$B15)=0,"Trip ID not found",IF(($G15+$H15)>($K15+$L15),"Check schedule",IF(MIN($N15,$O15,$P15,$Q15,$R15,$S15,$T15,$U15,$V15)<0,"Negative value","OK")))))
Z16: =IF($A16="","",SUM($S16:$U16)) | AA16: =IF($A16="","",IFERROR($Z16/$P16,0)) | AB16: =IF($A16="","",SUM($O16:$Q16)) | AC16: =IF($A16="","",IFERROR(INDEX('Planner'!$N$6:$N$205,MATCH($B16,'Planner'!$A$6:$A$205,0)),0)) | AD16: =IF($A16="","",$AC16-$O16-$Q16) | AE16: =IF($A16="","",$AB16-$AC16) | AF16: =IF($A16="","",IFERROR($AB16/'Settings'!$B$5,0)) | AG16: =IF($A16="","",$AF16*'Settings'!$B$4) | AH16: =IF($A16="","",$AE16*'Settings'!$B$17) | AI16: =IF($A16="","",$R16*'Settings'!$B$7) | AJ16: =IF($A16="","",$Z16-$V16-$AH16-$AI16) | AK16: =IF($A16="","",IFERROR($AJ16/$AB16,0)) | AL16: =IF($A16="","",IF(OR($C16="Passed",$C16="Expired",$C16="Canceled"),$C16,IF($C16="Completed","Completed",IF(AND($O16<='Settings'!$B$8,$AA16>='Settings'!$B$10,$AJ16>='Settings'!$B$9),IF($C16="Booked","Booked - Meets Targets","Meets Targets"),IF($C16="Booked","Booked - Below Target","Review"))))) | AM16: =IF($A16="","",IF(COUNTIF($A$6:$A$205,$A16)>1,"Duplicate Load ID",IF(COUNTIF('Planner'!$A$6:$A$205,$B16)=0,"Trip ID not found",IF(($G16+$H16)>($K16+$L16),"Check schedule",IF(MIN($N16,$O16,$P16,$Q16,$R16,$S16,$T16,$U16,$V16)<0,"Negative value","OK")))))
Z17: =IF($A17="","",SUM($S17:$U17)) | AA17: =IF($A17="","",IFERROR($Z17/$P17,0)) | AB17: =IF($A17="","",SUM($O17:$Q17)) | AC17: =IF($A17="","",IFERROR(INDEX('Planner'!$N$6:$N$205,MATCH($B17,'Planner'!$A$6:$A$205,0)),0)) | AD17: =IF($A17="","",$AC17-$O17-$Q17) | AE17: =IF($A17="","",$AB17-$AC17) | AF17: =IF($A17="","",IFERROR($AB17/'Settings'!$B$5,0)) | AG17: =IF($A17="","",$AF17*'Settings'!$B$4) | AH17: =IF($A17="","",$AE17*'Settings'!$B$17) | AI17: =IF($A17="","",$R17*'Settings'!$B$7) | AJ17: =IF($A17="","",$Z17-$V17-$AH17-$AI17) | AK17: =IF($A17="","",IFERROR($AJ17/$AB17,0)) | AL17: =IF($A17="","",IF(OR($C17="Passed",$C17="Expired",$C17="Canceled"),$C17,IF($C17="Completed","Completed",IF(AND($O17<='Settings'!$B$8,$AA17>='Settings'!$B$10,$AJ17>='Settings'!$B$9),IF($C17="Booked","Booked - Meets Targets","Meets Targets"),IF($C17="Booked","Booked - Below Target","Review"))))) | AM17: =IF($A17="","",IF(COUNTIF($A$6:$A$205,$A17)>1,"Duplicate Load ID",IF(COUNTIF('Planner'!$A$6:$A$205,$B17)=0,"Trip ID not found",IF(($G17+$H17)>($K17+$L17),"Check schedule",IF(MIN($N17,$O17,$P17,$Q17,$R17,$S17,$T17,$U17,$V17)<0,"Negative value","OK")))))
Z18: =IF($A18="","",SUM($S18:$U18)) | AA18: =IF($A18="","",IFERROR($Z18/$P18,0)) | AB18: =IF($A18="","",SUM($O18:$Q18)) | AC18: =IF($A18="","",IFERROR(INDEX('Planner'!$N$6:$N$205,MATCH($B18,'Planner'!$A$6:$A$205,0)),0)) | AD18: =IF($A18="","",$AC18-$O18-$Q18) | AE18: =IF($A18="","",$AB18-$AC18) | AF18: =IF($A18="","",IFERROR($AB18/'Settings'!$B$5,0)) | AG18: =IF($A18="","",$AF18*'Settings'!$B$4) | AH18: =IF($A18="","",$AE18*'Settings'!$B$17) | AI18: =IF($A18="","",$R18*'Settings'!$B$7) | AJ18: =IF($A18="","",$Z18-$V18-$AH18-$AI18) | AK18: =IF($A18="","",IFERROR($AJ18/$AB18,0)) | AL18: =IF($A18="","",IF(OR($C18="Passed",$C18="Expired",$C18="Canceled"),$C18,IF($C18="Completed","Completed",IF(AND($O18<='Settings'!$B$8,$AA18>='Settings'!$B$10,$AJ18>='Settings'!$B$9),IF($C18="Booked","Booked - Meets Targets","Meets Targets"),IF($C18="Booked","Booked - Below Target","Review"))))) | AM18: =IF($A18="","",IF(COUNTIF($A$6:$A$205,$A18)>1,"Duplicate Load ID",IF(COUNTIF('Planner'!$A$6:$A$205,$B18)=0,"Trip ID not found",IF(($G18+$H18)>($K18+$L18),"Check schedule",IF(MIN($N18,$O18,$P18,$Q18,$R18,$S18,$T18,$U18,$V18)<0,"Negative value","OK")))))
Z19: =IF($A19="","",SUM($S19:$U19)) | AA19: =IF($A19="","",IFERROR($Z19/$P19,0)) | AB19: =IF($A19="","",SUM($O19:$Q19)) | AC19: =IF($A19="","",IFERROR(INDEX('Planner'!$N$6:$N$205,MATCH($B19,'Planner'!$A$6:$A$205,0)),0)) | AD19: =IF($A19="","",$AC19-$O19-$Q19) | AE19: =IF($A19="","",$AB19-$AC19) | AF19: =IF($A19="","",IFERROR($AB19/'Settings'!$B$5,0)) | AG19: =IF($A19="","",$AF19*'Settings'!$B$4) | AH19: =IF($A19="","",$AE19*'Settings'!$B$17) | AI19: =IF($A19="","",$R19*'Settings'!$B$7) | AJ19: =IF($A19="","",$Z19-$V19-$AH19-$AI19) | AK19: =IF($A19="","",IFERROR($AJ19/$AB19,0)) | AL19: =IF($A19="","",IF(OR($C19="Passed",$C19="Expired",$C19="Canceled"),$C19,IF($C19="Completed","Completed",IF(AND($O19<='Settings'!$B$8,$AA19>='Settings'!$B$10,$AJ19>='Settings'!$B$9),IF($C19="Booked","Booked - Meets Targets","Meets Targets"),IF($C19="Booked","Booked - Below Target","Review"))))) | AM19: =IF($A19="","",IF(COUNTIF($A$6:$A$205,$A19)>1,"Duplicate Load ID",IF(COUNTIF('Planner'!$A$6:$A$205,$B19)=0,"Trip ID not found",IF(($G19+$H19)>($K19+$L19),"Check schedule",IF(MIN($N19,$O19,$P19,$Q19,$R19,$S19,$T19,$U19,$V19)<0,"Negative value","OK")))))
Z20: =IF($A20="","",SUM($S20:$U20)) | AA20: =IF($A20="","",IFERROR($Z20/$P20,0)) | AB20: =IF($A20="","",SUM($O20:$Q20)) | AC20: =IF($A20="","",IFERROR(INDEX('Planner'!$N$6:$N$205,MATCH($B20,'Planner'!$A$6:$A$205,0)),0)) | AD20: =IF($A20="","",$AC20-$O20-$Q20) | AE20: =IF($A20="","",$AB20-$AC20) | AF20: =IF($A20="","",IFERROR($AB20/'Settings'!$B$5,0)) | AG20: =IF($A20="","",$AF20*'Settings'!$B$4) | AH20: =IF($A20="","",$AE20*'Settings'!$B$17) | AI20: =IF($A20="","",$R20*'Settings'!$B$7) | AJ20: =IF($A20="","",$Z20-$V20-$AH20-$AI20) | AK20: =IF($A20="","",IFERROR($AJ20/$AB20,0)) | AL20: =IF($A20="","",IF(OR($C20="Passed",$C20="Expired",$C20="Canceled"),$C20,IF($C20="Completed","Completed",IF(AND($O20<='Settings'!$B$8,$AA20>='Settings'!$B$10,$AJ20>='Settings'!$B$9),IF($C20="Booked","Booked - Meets Targets","Meets Targets"),IF($C20="Booked","Booked - Below Target","Review"))))) | AM20: =IF($A20="","",IF(COUNTIF($A$6:$A$205,$A20)>1,"Duplicate Load ID",IF(COUNTIF('Planner'!$A$6:$A$205,$B20)=0,"Trip ID not found",IF(($G20+$H20)>($K20+$L20),"Check schedule",IF(MIN($N20,$O20,$P20,$Q20,$R20,$S20,$T20,$U20,$V20)<0,"Negative value","OK")))))
Z21: =IF($A21="","",SUM($S21:$U21)) | AA21: =IF($A21="","",IFERROR($Z21/$P21,0)) | AB21: =IF($A21="","",SUM($O21:$Q21)) | AC21: =IF($A21="","",IFERROR(INDEX('Planner'!$N$6:$N$205,MATCH($B21,'Planner'!$A$6:$A$205,0)),0)) | AD21: =IF($A21="","",$AC21-$O21-$Q21) | AE21: =IF($A21="","",$AB21-$AC21) | AF21: =IF($A21="","",IFERROR($AB21/'Settings'!$B$5,0)) | AG21: =IF($A21="","",$AF21*'Settings'!$B$4) | AH21: =IF($A21="","",$AE21*'Settings'!$B$17) | AI21: =IF($A21="","",$R21*'Settings'!$B$7) | AJ21: =IF($A21="","",$Z21-$V21-$AH21-$AI21) | AK21: =IF($A21="","",IFERROR($AJ21/$AB21,0)) | AL21: =IF($A21="","",IF(OR($C21="Passed",$C21="Expired",$C21="Canceled"),$C21,IF($C21="Completed","Completed",IF(AND($O21<='Settings'!$B$8,$AA21>='Settings'!$B$10,$AJ21>='Settings'!$B$9),IF($C21="Booked","Booked - Meets Targets","Meets Targets"),IF($C21="Booked","Booked - Below Target","Review"))))) | AM21: =IF($A21="","",IF(COUNTIF($A$6:$A$205,$A21)>1,"Duplicate Load ID",IF(COUNTIF('Planner'!$A$6:$A$205,$B21)=0,"Trip ID not found",IF(($G21+$H21)>($K21+$L21),"Check schedule",IF(MIN($N21,$O21,$P21,$Q21,$R21,$S21,$T21,$U21,$V21)<0,"Negative value","OK")))))
Z22: =IF($A22="","",SUM($S22:$U22)) | AA22: =IF($A22="","",IFERROR($Z22/$P22,0)) | AB22: =IF($A22="","",SUM($O22:$Q22)) | AC22: =IF($A22="","",IFERROR(INDEX('Planner'!$N$6:$N$205,MATCH($B22,'Planner'!$A$6:$A$205,0)),0)) | AD22: =IF($A22="","",$AC22-$O22-$Q22) | AE22: =IF($A22="","",$AB22-$AC22) | AF22: =IF($A22="","",IFERROR($AB22/'Settings'!$B$5,0)) | AG22: =IF($A22="","",$AF22*'Settings'!$B$4) | AH22: =IF($A22="","",$AE22*'Settings'!$B$17) | AI22: =IF($A22="","",$R22*'Settings'!$B$7) | AJ22: =IF($A22="","",$Z22-$V22-$AH22-$AI22) | AK22: =IF($A22="","",IFERROR($AJ22/$AB22,0)) | AL22: =IF($A22="","",IF(OR($C22="Passed",$C22="Expired",$C22="Canceled"),$C22,IF($C22="Completed","Completed",IF(AND($O22<='Settings'!$B$8,$AA22>='Settings'!$B$10,$AJ22>='Settings'!$B$9),IF($C22="Booked","Booked - Meets Targets","Meets Targets"),IF($C22="Booked","Booked - Below Target","Review"))))) | AM22: =IF($A22="","",IF(COUNTIF($A$6:$A$205,$A22)>1,"Duplicate Load ID",IF(COUNTIF('Planner'!$A$6:$A$205,$B22)=0,"Trip ID not found",IF(($G22+$H22)>($K22+$L22),"Check schedule",IF(MIN($N22,$O22,$P22,$Q22,$R22,$S22,$T22,$U22,$V22)<0,"Negative value","OK")))))
Z23: =IF($A23="","",SUM($S23:$U23)) | AA23: =IF($A23="","",IFERROR($Z23/$P23,0)) | AB23: =IF($A23="","",SUM($O23:$Q23)) | AC23: =IF($A23="","",IFERROR(INDEX('Planner'!$N$6:$N$205,MATCH($B23,'Planner'!$A$6:$A$205,0)),0)) | AD23: =IF($A23="","",$AC23-$O23-$Q23) | AE23: =IF($A23="","",$AB23-$AC23) | AF23: =IF($A23="","",IFERROR($AB23/'Settings'!$B$5,0)) | AG23: =IF($A23="","",$AF23*'Settings'!$B$4) | AH23: =IF($A23="","",$AE23*'Settings'!$B$17) | AI23: =IF($A23="","",$R23*'Settings'!$B$7) | AJ23: =IF($A23="","",$Z23-$V23-$AH23-$AI23) | AK23: =IF($A23="","",IFERROR($AJ23/$AB23,0)) | AL23: =IF($A23="","",IF(OR($C23="Passed",$C23="Expired",$C23="Canceled"),$C23,IF($C23="Completed","Completed",IF(AND($O23<='Settings'!$B$8,$AA23>='Settings'!$B$10,$AJ23>='Settings'!$B$9),IF($C23="Booked","Booked - Meets Targets","Meets Targets"),IF($C23="Booked","Booked - Below Target","Review"))))) | AM23: =IF($A23="","",IF(COUNTIF($A$6:$A$205,$A23)>1,"Duplicate Load ID",IF(COUNTIF('Planner'!$A$6:$A$205,$B23)=0,"Trip ID not found",IF(($G23+$H23)>($K23+$L23),"Check schedule",IF(MIN($N23,$O23,$P23,$Q23,$R23,$S23,$T23,$U23,$V23)<0,"Negative value","OK")))))
Z24: =IF($A24="","",SUM($S24:$U24)) | AA24: =IF($A24="","",IFERROR($Z24/$P24,0)) | AB24: =IF($A24="","",SUM($O24:$Q24)) | AC24: =IF($A24="","",IFERROR(INDEX('Planner'!$N$6:$N$205,MATCH($B24,'Planner'!$A$6:$A$205,0)),0)) | AD24: =IF($A24="","",$AC24-$O24-$Q24) | AE24: =IF($A24="","",$AB24-$AC24) | AF24: =IF($A24="","",IFERROR($AB24/'Settings'!$B$5,0)) | AG24: =IF($A24="","",$AF24*'Settings'!$B$4) | AH24: =IF($A24="","",$AE24*'Settings'!$B$17) | AI24: =IF($A24="","",$R24*'Settings'!$B$7) | AJ24: =IF($A24="","",$Z24-$V24-$AH24-$AI24) | AK24: =IF($A24="","",IFERROR($AJ24/$AB24,0)) | AL24: =IF($A24="","",IF(OR($C24="Passed",$C24="Expired",$C24="Canceled"),$C24,IF($C24="Completed","Completed",IF(AND($O24<='Settings'!$B$8,$AA24>='Settings'!$B$10,$AJ24>='Settings'!$B$9),IF($C24="Booked","Booked - Meets Targets","Meets Targets"),IF($C24="Booked","Booked - Below Target","Review"))))) | AM24: =IF($A24="","",IF(COUNTIF($A$6:$A$205,$A24)>1,"Duplicate Load ID",IF(COUNTIF('Planner'!$A$6:$A$205,$B24)=0,"Trip ID not found",IF(($G24+$H24)>($K24+$L24),"Check schedule",IF(MIN($N24,$O24,$P24,$Q24,$R24,$S24,$T24,$U24,$V24)<0,"Negative value","OK")))))
Z25: =IF($A25="","",SUM($S25:$U25)) | AA25: =IF($A25="","",IFERROR($Z25/$P25,0)) | AB25: =IF($A25="","",SUM($O25:$Q25)) | AC25: =IF($A25="","",IFERROR(INDEX('Planner'!$N$6:$N$205,MATCH($B25,'Planner'!$A$6:$A$205,0)),0)) | AD25: =IF($A25="","",$AC25-$O25-$Q25) | AE25: =IF($A25="","",$AB25-$AC25) | AF25: =IF($A25="","",IFERROR($AB25/'Settings'!$B$5,0)) | AG25: =IF($A25="","",$AF25*'Settings'!$B$4) | AH25: =IF($A25="","",$AE25*'Settings'!$B$17) | AI25: =IF($A25="","",$R25*'Settings'!$B$7) | AJ25: =IF($A25="","",$Z25-$V25-$AH25-$AI25) | AK25: =IF($A25="","",IFERROR($AJ25/$AB25,0)) | AL25: =IF($A25="","",IF(OR($C25="Passed",$C25="Expired",$C25="Canceled"),$C25,IF($C25="Completed","Completed",IF(AND($O25<='Settings'!$B$8,$AA25>='Settings'!$B$10,$AJ25>='Settings'!$B$9),IF($C25="Booked","Booked - Meets Targets","Meets Targets"),IF($C25="Booked","Booked - Below Target","Review"))))) | AM25: =IF($A25="","",IF(COUNTIF($A$6:$A$205,$A25)>1,"Duplicate Load ID",IF(COUNTIF('Planner'!$A$6:$A$205,$B25)=0,"Trip ID not found",IF(($G25+$H25)>($K25+$L25),"Check schedule",IF(MIN($N25,$O25,$P25,$Q25,$R25,$S25,$T25,$U25,$V25)<0,"Negative value","OK")))))
Z26: =IF($A26="","",SUM($S26:$U26)) | AA26: =IF($A26="","",IFERROR($Z26/$P26,0)) | AB26: =IF($A26="","",SUM($O26:$Q26)) | AC26: =IF($A26="","",IFERROR(INDEX('Planner'!$N$6:$N$205,MATCH($B26,'Planner'!$A$6:$A$205,0)),0)) | AD26: =IF($A26="","",$AC26-$O26-$Q26) | AE26: =IF($A26="","",$AB26-$AC26) | AF26: =IF($A26="","",IFERROR($AB26/'Settings'!$B$5,0)) | AG26: =IF($A26="","",$AF26*'Settings'!$B$4) | AH26: =IF($A26="","",$AE26*'Settings'!$B$17) | AI26: =IF($A26="","",$R26*'Settings'!$B$7) | AJ26: =IF($A26="","",$Z26-$V26-$AH26-$AI26) | AK26: =IF($A26="","",IFERROR($AJ26/$AB26,0)) | AL26: =IF($A26="","",IF(OR($C26="Passed",$C26="Expired",$C26="Canceled"),$C26,IF($C26="Completed","Completed",IF(AND($O26<='Settings'!$B$8,$AA26>='Settings'!$B$10,$AJ26>='Settings'!$B$9),IF($C26="Booked","Booked - Meets Targets","Meets Targets"),IF($C26="Booked","Booked - Below Target","Review"))))) | AM26: =IF($A26="","",IF(COUNTIF($A$6:$A$205,$A26)>1,"Duplicate Load ID",IF(COUNTIF('Planner'!$A$6:$A$205,$B26)=0,"Trip ID not found",IF(($G26+$H26)>($K26+$L26),"Check schedule",IF(MIN($N26,$O26,$P26,$Q26,$R26,$S26,$T26,$U26,$V26)<0,"Negative value","OK")))))
Z27: =IF($A27="","",SUM($S27:$U27)) | AA27: =IF($A27="","",IFERROR($Z27/$P27,0)) | AB27: =IF($A27="","",SUM($O27:$Q27)) | AC27: =IF($A27="","",IFERROR(INDEX('Planner'!$N$6:$N$205,MATCH($B27,'Planner'!$A$6:$A$205,0)),0)) | AD27: =IF($A27="","",$AC27-$O27-$Q27) | AE27: =IF($A27="","",$AB27-$AC27) | AF27: =IF($A27="","",IFERROR($AB27/'Settings'!$B$5,0)) | AG27: =IF($A27="","",$AF27*'Settings'!$B$4) | AH27: =IF($A27="","",$AE27*'Settings'!$B$17) | AI27: =IF($A27="","",$R27*'Settings'!$B$7) | AJ27: =IF($A27="","",$Z27-$V27-$AH27-$AI27) | AK27: =IF($A27="","",IFERROR($AJ27/$AB27,0)) | AL27: =IF($A27="","",IF(OR($C27="Passed",$C27="Expired",$C27="Canceled"),$C27,IF($C27="Completed","Completed",IF(AND($O27<='Settings'!$B$8,$AA27>='Settings'!$B$10,$AJ27>='Settings'!$B$9),IF($C27="Booked","Booked - Meets Targets","Meets Targets"),IF($C27="Booked","Booked - Below Target","Review"))))) | AM27: =IF($A27="","",IF(COUNTIF($A$6:$A$205,$A27)>1,"Duplicate Load ID",IF(COUNTIF('Planner'!$A$6:$A$205,$B27)=0,"Trip ID not found",IF(($G27+$H27)>($K27+$L27),"Check schedule",IF(MIN($N27,$O27,$P27,$Q27,$R27,$S27,$T27,$U27,$V27)<0,"Negative value","OK")))))
... Z205: =IF($A205="","",SUM($S205:$U205)) | AA205: =IF($A205="","",IFERROR($Z205/$P205,0)) | AB205: =IF($A205="","",SUM($O205:$Q205)) | AC205: =IF($A205="","",IFERROR(INDEX('Planner'!$N$6:$N$205,MATCH($B205,'Planner'!$A$6:$A$205,0)),0)) | AD205: =IF($A205="","",$AC205-$O205-$Q205) | AE205: =IF($A205="","",$AB205-$AC205) | AF205: =IF($A205="","",IFERROR($AB205/'Settings'!$B$5,0)) | AG205: =IF($A205="","",$AF205*'Settings'!$B$4) | AH205: =IF($A205="","",$AE205*'Settings'!$B$17) | AI205: =IF($A205="","",$R205*'Settings'!$B$7) | AJ205: =IF($A205="","",$Z205-$V205-$AH205-$AI205) | AK205: =IF($A205="","",IFERROR($AJ205/$AB205,0)) | AL205: =IF($A205="","",IF(OR($C205="Passed",$C205="Expired",$C205="Canceled"),$C205,IF($C205="Completed","Completed",IF(AND($O205<='Settings'!$B$8,$AA205>='Settings'!$B$10,$AJ205>='Settings'!$B$9),IF($C205="Booked","Booked - Meets Targets","Meets Targets"),IF($C205="Booked","Booked - Below Target","Review"))))) | AM205: =IF($A205="","",IF(COUNTIF($A$6:$A$205,$A205)>1,"Duplicate Load ID",IF(COUNTIF('Planner'!$A$6:$A$205,$B205)=0,"Trip ID not found",IF(($G205+$H205)>($K205+$L205),"Check schedule",IF(MIN($N205,$O205,$P205,$Q205,$R205,$S205,$T205,$U205,$V205)<0,"Negative value","OK")))))

Sheet Settings
A1: Backhaul Planning Settings
A2: Edit yellow assumption cells to match current fleet costs and operating preferences.
A3: Assumption | B3: Value | C3: Units / Notes | E3: EquipmentList | F3: TripStatusList | G3: OpportunityStatusList | H3: StateList | I3: TripIDList | J3: LoadIDList
A4: Diesel Price per Gallon | B4: 3.85 | C4: U.S. dollars per gallon | E4: Dry Van | F4: Searching | G4: New | H4: AL | I4: Planner rows 6 through 205 | J4: Opportunities rows 6 through 205
A5: Average Fuel Economy | B5: 7.2 | C5: Miles per gallon | E5: Reefer | F5: Tentative | G5: Quoted | H5: AK
A6: Non-Fuel Variable Cost per Mile | B6: 0.38 | C6: Maintenance, tires, and other variable cost | E6: Flatbed | F6: Booked | G6: Hold | H6: AZ
A7: Driver Wait Cost per Hour | B7: 30 | C7: U.S. dollars per planned idle hour | E7: Box Truck | F7: Completed | G7: Booked | H7: AR
A8: Maximum Preferred Deadhead | B8: 150 | C8: Miles | E8: Sprinter Van | F8: No Backhaul | G8: Completed | H8: CA
A9: Minimum Net Contribution | B9: 400 | C9: U.S. dollars | F9: Canceled | G9: Passed | H9: CO
A10: Minimum Revenue per Loaded Mile | B10: 2.2 | C10: U.S. dollars per loaded mile | G10: Expired | H10: CT
A11: Planning Speed | B11: 50 | C11: Miles per hour | G11: Canceled | H11: DE
A12: Pickup Buffer | B12: 1 | C12: Hours | H12: FL
A13: Maximum Pickup Wait | B13: 24 | C13: Hours | H13: GA
A14: Quote Expiration Alert | B14: 2 | C14: Days | H14: HI
A15: Calculated Rates | H15: ID
A16: Fuel Cost per Mile | B16: =IFERROR(B4/B5,0) | C16: Diesel price divided by average fuel economy | H16: IL
A17: All-In Variable Cost per Mile | B17: =B16+B6 | C17: Fuel cost plus non-fuel variable cost | H17: IN
H18: IA
H19: KS
H20: KY
H21: LA
H22: ME
H23: MD
H24: MA
H25: MI
H26: MN
H27: MS
H28: MO
H29: MT
... H54: DC
